 Dungeon Crawl Stone Soup version 0.31.0-11-ge490571c62 (webtiles) character file.

Game seed: 14861142674581300988

1084762 bottledwater03 the Naga Barricade (level 27, -10/352 HPs)
             Began as a Naga Hedge Wizard on Jan 31, 2024.
             Was the Champion of Cheibriados.
             Killed from afar by a Hell Sentinel (35 damage)
             ... with an iron shot
             ... on level 4 of the Iron City of Dis on Feb 1, 2024.
             The game lasted 14:25:27 (75197 turns).

bottledwater03 the Naga Barricade (NaHW)           Turns: 75197, Time: 14:25:28

Health: -10/352    AC: 29    Str: 32    XL:     27
Magic:  9/48       EV: 25    Int: 41    God:    Cheibriados [******]
Gold:   15463      SH: 30    Dex: 31    Spells: 1/69 levels left

rFire   + + +        t - staff "Zavouz" {rC+ Dex+2 Ice Air}
rCold   + + .        g - +0 tower shield {rPois}
rNeg    + + .        C - melded +1 robe of Vines {NoPotionHeal Regen++++}
rPois   ∞            E - +2 hat of the Stopping Gods {rC+ Str+4 Dex-2}
rElec   +            V - +2 cloak {Will+}
rCorr   +            y - melded +1 pair of gloves {Stlth+}
SInv    +            b - melded +10 Black Knight's barding {ponderous, rPois rN+}
Will    ++++.        d - amulet "Udisteh" {RegenMP rF+}
Stlth   ++++++++++   R - ring "Piody" {rN+ rCorr Stlth+}
HPRegen 0.78/turn    U - ring of the Heavens {rF+ EV+5 Dex+3}
MPRegen 0.71/turn

%: no passive effects
@: about to teleport, statue-form, studying 5 skills, invisible, corroded, very
slow
A: slow and powerful, torment resistance 1, boosted hp, AC +9, large, see
invisible, deformed body, poison resistance, (slowness 2), spit poison 1, naga
tail 2, fire resistance 1
}: 9/15 runes: decaying, slimy, silver, golden, obsidian, icy, bone, abyssal,
gossamer
a: Spit Poison, Begin Untransformation, Renounce Religion, Bend Time, Temporal
Distortion, Slouch, Step From Time


You were on level 4 of the Iron City of Dis.
You worshipped Cheibriados.
Cheibriados was exalted by your worship.
You were a living statue of rough stone.
You visited 18 branches of the dungeon, and saw 84 of its levels.
You visited the Abyss 2 times.
You visited 2 ziggurats, and saw 26 of their levels (deepest: 13).
You also visited: Trove, Gauntlet, Ice Cave, Wizlab and Desolation.

You collected 19082 gold pieces.
You spent 3619 gold pieces at shops.

Inventory:

Hand Weapons
 z - a +9 demon trident of flaming
 O - a +5 demon trident of flaming
Missiles
 K - 7 silver javelins (quivered)
Armour
 b - the +10 Black Knight's barding (melded) {ponderous, rPois rN+}
   (You found it on level 9 of a ziggurat)

   rPois:     It protects you from poison rN+: It protects you from negative
   energy.
 f - a +0 robe of resistance
 g - a +0 tower shield of poison resistance (worn)
 y - a +1 pair of gloves of stealth (melded)
 C - the +1 robe of Vines (melded) {NoPotionHeal Regen++++}
   (You found it in the Desolation of Salt)

   NoPotionHeal: Its wearer cannot be healed by potions.
   Regen++++: It increases your rate of health regeneration.
 E - the +2 hat of the Stopping Gods (worn) {rC+ Str+4 Dex-2}
   (You acquired it on level 4 of the Spider Nest)

   Str+4:     It affects your strength (+4).
   Dex-2:     It affects your dexterity (-2).
   rC+:       It protects you from cold.
 M - the quicksilver dragon scales "Maatzy" {rF+ Will+}
   (You found it in a Gauntlet)

   rF+:       It protects you from fire.
   Will+:     It increases your willpower.
 T - a +4 barding of cold resistance
 V - a +2 cloak of willpower (worn)
 X - the scarf of Anaesthesia {repulsion, Dex+3}
   (You acquired it on level 3 of the Vaults)

   Dex+3:     It affects your dexterity (+3).
Magical Staves
 a - the staff "Uhallor" {rC+ Str+5 Conj}
   (You found it on level 3 of the Realm of Zot)

   [staff of conjuration]

   Base accuracy: +5 Base damage: 5 Base attack delay: 1.2 This weapon's minimum
   attack delay (0.6) is reached at skill level 12.
   Str+5:     It affects your strength (+5).
   rC+:       It protects you from cold.
   Conj:      It increases the power of your Conjurations spells.
   It falls into the 'Staves' category.
   It is a one-handed weapon.
 t - the staff "Zavouz" (weapon) {rC+ Dex+2 Ice Air}
   (You found it in the Desolation of Salt)

   [staff of cold]

   Base accuracy: +5 Base damage: 5 Base attack delay: 1.2 This weapon's minimum
   attack delay (0.6) is reached at skill level 12.
   Dex+2:     It affects your dexterity (+2).
   rC+:       It protects you from cold.
   Ice:       It increases the power of your Ice spells.
   Air:       It increases the power of your Air spells.
   It falls into the 'Staves' category.
   It is a one-handed weapon.
 u - the staff "Qitutid" {rF++ Will+ Earth}
   (You found it on level 13 of a ziggurat)

   [staff of earth]

   Base accuracy: +5 Base damage: 5 Base attack delay: 1.2 This weapon's minimum
   attack delay (0.6) is reached at skill level 12.
   rF++:      It greatly protects you from fire.
   Will+:     It increases your willpower.
   Earth:     It increases the power of your Earth spells.
   It falls into the 'Staves' category.
   It is a one-handed weapon.
 v - the staff "Suthog" {rF+ rN+ Necro Fire}
   (You found it on level 5 of the Pits of Slime)

   [staff of fire]

   Base accuracy: +5 Base damage: 5 Base attack delay: 1.2 This weapon's minimum
   attack delay (0.6) is reached at skill level 12.
   rF+:       It protects you from fire.
   rN+:       It protects you from negative energy.
   Necro:     It increases the power of your Necromancy spells.
   Fire:      It increases the power of your Fire spells.
   It falls into the 'Staves' category.
   It is a one-handed weapon.
 w - the staff of Daofawn {Str+2 Conj Fire}
   (You found it on level 7 of Tartarus)

   [staff of conjuration]

   Base accuracy: +5 Base damage: 5 Base attack delay: 1.2 This weapon's minimum
   attack delay (0.6) is reached at skill level 12.
   Str+2:     It affects your strength (+2).
   Conj:      It increases the power of your Conjurations spells.
   Fire:      It increases the power of your Fire spells.
   It falls into the 'Staves' category.
   It is a one-handed weapon.
 A - a staff of air
 N - the staff "Uniptakipp" {rPois rF+ rC+ Str-4 SInv Fire}
   (You found it on level 3 of the Elven Halls)

   [staff of fire]

   Base accuracy: +5 Base damage: 5 Base attack delay: 1.2 This weapon's minimum
   attack delay (0.6) is reached at skill level 12.
   Str-4:     It affects your strength (-4).
   rF+:       It protects you from fire.
   rC+:       It protects you from cold.
   rPois:     It protects you from poison SInv: It lets you see invisible.
   Fire:      It increases the power of your Fire spells.
   It falls into the 'Staves' category.
   It is a one-handed weapon.
Jewellery
 d - the amulet "Udisteh" (around neck) {RegenMP rF+}
   (You found it on level 8 of a ziggurat)

   [amulet of magic regeneration]

   RegenMP:   It increases your rate of magic regeneration.
   rF+:       It protects you from fire.
 e - the amulet of the Air {Inacc Air Fly rElec RMsl}
   (You found it on level 7 of Tartarus)

   [amulet of nothing]

   Inacc:     It reduces the accuracy of your attacks and spells.
   Air:       It enhances your air magic.
   rElec:     It insulates you from electricity.
   Fly:       It grants you flight.
   RMsl:      It protects you from missiles.
 l - the ring "Agry" {rElec rN++ Dex+6}
   (You found it on level 3 of the Tomb of the Ancients)

   [ring of dexterity]

   Dex+6:     It affects your dexterity (+6).
   rElec:     It insulates you from electricity.
   rN++:      It greatly protects you from negative energy.
 r - the ring "Lelu" {rF+ Str+4}
   (You found it on level 5 of the Vaults)

   [ring of protection from fire]

   Str+4:     It affects your strength (+4).
   rF+:       It protects you from fire.
 x - a ring of wizardry
 G - the ring of Generosity {rC+ rN+ Will- Str+3}
   (You found it on level 5 of the Pits of Slime)

   [ring of protection from cold]

   Str+3:     It affects your strength (+3).
   rC+:       It protects you from cold.
   rN+:       It protects you from negative energy.
   Will-:     It decreases your willpower.
 I - the ring of Xom's Bemusement {rPois rF++ EV+5 Str+2 Stlth-}
   (You bought it in a shop on level 2 of the Depths)

   [ring of evasion]

   EV+5:      It affects your evasion (+5).
   Str+2:     It affects your strength (+2).
   rF++:      It greatly protects you from fire.
   rPois:     It protects you from poison Stlth-: It makes you less stealthy.
 J - the ring of the Middle {Fly Will+ Int+6}
   (You found it on level 3 of the Crypt)

   [ring of intelligence]

   Int+6:     It affects your intelligence (+6).
   Will+:     It increases your willpower.
   Fly:       It grants you flight.
 L - the ring "Daehaal" {rN+ Int+3}
   (You acquired it on level 3 of the Vaults)

   [ring of positive energy]

   Int+3:     It affects your intelligence (+3).
   rN+:       It protects you from negative energy.
 P - an amulet of reflection
 R - the ring "Piody" (left fist) {rN+ rCorr Stlth+}
   (You found it in an ice cave)

   [ring of resist corrosion]

   rN+:       It protects you from negative energy.
   rCorr:     It protects you from acid and corrosion.
   Stlth+:    It makes you more stealthy.
 U - the ring of the Heavens (right fist) {rF+ EV+5 Dex+3}
   (You took it off a spriggan air mage in a wizard's laboratory)

   [ring of evasion]

   EV+5:      It affects your evasion (+5).
   Dex+3:     It affects your dexterity (+3).
   rF+:       It protects you from fire.
 Z - a ring of wizardry
Talismans
 c - a talisman of death
 s - a granite talisman (active)
Wands
 k - a wand of digging (14)
Scrolls
 j - 5 scrolls of enchant armour
 o - 2 scrolls of revelation
 p - 19 scrolls of fog
 D - 20 scrolls of teleportation
 W - 3 scrolls of butterflies
 Y - 12 scrolls of enchant weapon
Potions
 h - 7 potions of brilliance
 i - 8 potions of enlightenment
 m - 2 potions of invisibility
 n - a potion of cancellation
 q - 13 potions of might
 B - 2 potions of resistance
 F - 3 potions of lignification
 H - 18 potions of mutation
 S - 5 potions of attraction


   Skills:
 * Level 20.5 Fighting
 - Level 3.0 Long Blades
 - Level 2.0 Maces & Flails
 * Level 17.1 Polearms
 - Level 2.0 Throwing
 * Level 4.2 Armour
 - Level 10.0 Dodging
 - Level 22.0 Stealth
 O Level 27 Shields
 * Level 21.5 Spellcasting
 * Level 22.3 Conjurations
 - Level 1.0 Summonings
 - Level 2.0 Translocations
 * Level 25.3 Fire Magic
 - Level 11.6 Ice Magic
 - Level 23.0 Air Magic
 - Level 4.0 Earth Magic
 - Level 7.0 Alchemy
 * Level 14.6 Invocations
 - Level 20.7 Shapeshifting


You had one spell level left.
You knew the following spells:

 Your Spells              Type           Power      Damage    Failure   Level
a - Bombard               Conj/Erth      50%        9d8       1%          6
b - Fire Storm            Conj/Fire      63%        8d16      3%          9
c - Orb of Destruction    Conj           61%        9d15      1%          7
d - Blink                 Tloc           100%       N/A       1%          2
e - Ignition              Fire           64%        3d17      1%          8
f - Freezing Cloud        Conj/Ice/Air   83%        6-21      0%          5
g - Ozocubu's Armour      Ice            100%       N/A       0%          3
h - Maxwell's Capacitive  Air            74%        ∞         1%          8
i - Leda's Liquefaction   Alch/Erth      36%        N/A       1%          4
j - Ozocubu's Refrigerat  Ice            59%        4d20      3%          7
k - Chain Lightning       Conj/Air       74%        3d99      4%          9

Your spell library contained the following spells:

 Spells                   Type           Power      Damage    Failure   Level
 Foxfire                  Conj/Fire      100%       2x1d9     0%          1
 Freeze                   Ice            100%       1d10      0%          1
 Kiss of Death            Conj/Necr      100%       2d13      0%          1
 Magic Dart               Conj           100%       1d8       0%          1
 Shock                    Conj/Air       100%       1d9       0%          1
 Sting                    Conj/Alch      100%       1d9       0%          1
 Apportation              Tloc           100%       N/A       1%          1
 Necrotise                Necr           100%       1d9       1%          1
 Sandblast                Erth           100%       2d20      1%          1
 Slow                     Hex            100%       N/A       1%          1
 Summon Small Mammal      Summ           100%       N/A       1%          1
 Cigotuvi's Dreadful Rot  Necr/Alch/Air  100%       N/A       0%          2
 Mercury Vapours          Alch/Air       100%       N/A       0%          2
 Momentum Strike          Conj/Tloc      100%       3d10      0%          2
 Scorch                   Fire           100%       2d9       0%          2
 Searing Ray              Conj           100%       2d8       0%          2
 Static Discharge         Conj/Air       100%       3-8/arc   0%          2
 Dazzling Flash           Conj/Hex       100%       N/A       0%          3
 Frozen Ramparts          Ice            100%       1d16      0%          3
 Hailstorm                Conj/Ice       100%       3d16      0%          3
 Inner Flame              Hex/Fire       99%        N/A       0%          3
 Mephitic Cloud           Conj/Alch/Air  100%       N/A       0%          3
 Stone Arrow              Conj/Erth      100%       3d13      0%          3
 Swiftness                Air            100%       N/A       0%          3
 Volatile Blastmotes      Fire/Tloc      100%       2d18      0%          3
 Airstrike                Air            74%        2d(11-27) 0%          4
 Flame Wave               Conj/Fire      100%       2d21      0%          4
 Fulminant Prism          Conj/Alch      52%        3d23      0%          4
 Ignite Poison            Fire/Alch      100%       N/A       0%          4
 Sticky Flame             Fire/Alch      100%       2d15      0%          4
 Fireball                 Conj/Fire      63%        3d24      0%          5
 Iskenderun's Battlesphe  Conj           100%       2d15      0%          5
 Conjure Ball Lightning   Conj/Air       74%        3x3d27    0%          6
 Plasma Beam              Fire/Air       76%        2x1d93    0%          6
 Starburst                Conj/Fire      63%        6d17      0%          6
 Call Imp                 Summ           100%       N/A       1%          2
 Ensorcelled Hibernation  Hex/Ice        100%       N/A       1%          2
 Jinxbite                 Hex            88%        N/A       1%          2
 Lesser Beckoning         Tloc           100%       N/A       1%          2
 Call Canine Familiar     Summ           51%        N/A       1%          3
 Confusing Touch          Hex            44%        N/A       1%          3
 Fugue of the Fallen      Necr           44%        N/A       1%          3
 Gell's Gravitas          Tloc           57%        N/A       1%          3
 Passwall                 Erth           67%        N/A       1%          3
 Sigil of Binding         Hex            44%        N/A       1%          3
 Summon Ice Beast         Ice/Summ       97%        N/A       1%          3
 Teleport Other           Tloc           57%        N/A       1%          3
 Tukima's Dance           Hex            44%        N/A       1%          3
 Vampiric Draining        Necr           44%        2d9       1%          3
 Animate Armour           Summ/Erth      100%       N/A       1%          4
 Brom's Barrelling Bould  Conj/Erth      100%       2d11      1%          4
 Iskenderun's Mystic Bla  Conj/Tloc      97%        2d19      1%          4
 Olgreb's Toxic Radiance  Alch           79%        N/A       1%          4
 Petrify                  Alch/Erth      73%        N/A       1%          4
 Summon Blazeheart Golem  Fire/Summ      100%       N/A       1%          4
 Summon Lightning Spire   Summ/Air       100%       N/A       1%          4
 Vhi's Electric Charge    Tloc/Air       100%       N/A       1%          4
 Alistair's Intoxication  Alch           52%        N/A       1%          5
 Irradiate                Conj/Alch      52%        3d29      1%          5
 Metabolic Englaciation   Hex/Ice        47%        N/A       1%          5
 Silence                  Hex/Air        59%        N/A       1%          5
 Sculpt Simulacrum        Ice/Alch       55%        N/A       1%          6
 Manifold Assault         Tloc           57%        N/A       2%          4
 Passage of Golubria      Tloc           57%        N/A       2%          4
 Lee's Rapid Deconstruct  Erth           33%        3d17*     2%          5
 Dimensional Bullseye     Hex/Tloc       25%        N/A       3%          4
 Yara's Violent Unravell  Hex/Alch       32%        3d13      3%          5
 Spellforged Servitor     Conj/Summ      48%        N/A       3%          7
 Anguish                  Hex/Necr       22%        N/A       4%          4
 Animate Dead             Necr           44%        N/A       4%          4
 Dispel Undead            Necr           44%        3d17      4%          4
 Martyr's Knell           Necr/Summ      48%        N/A       4%          4
 Eringya's Noxious Bog    Alch           39%        4d6       4%          6
 Borgnjor's Vile Clutch   Necr/Erth      28%        N/A       6%          5
 Summon Forest            Summ/Tloc      27%        N/A       8%          5
 Summon Mana Viper        Hex/Summ       48%        N/A       12%         5
 Curse of Agony           Necr           44%        N/A       14%         5
 Lehudib's Crystal Spear  Conj/Erth      50%        10d12     16%         8
 Dispersal                Tloc           28%        N/A       34%         6
 Death Channel            Necr           22%        N/A       61%         6
 Malign Gateway           Summ/Tloc      27%        N/A       93%         7
 Monstrous Menagerie      Summ           25%        N/A       96%         7
 Summon Hydra             Summ           25%        N/A       96%         7
 Haunt                    Necr/Summ      24%        N/A       98%         7
 Polar Vortex             Ice            59%        12d7*     99%         9
 Borgnjor's Revivificati  Necr           22%        N/A       100%        8
 Discord                  Hex            22%        N/A       100%        8
 Disjunction              Tloc           28%        N/A       100%        8
 Infestation              Necr           22%        N/A       100%        8
 Death's Door             Necr           22%        N/A       100%        9
 Shatter                  Erth           33%        3d27*     100%        9
 Sublimation of Blood     Necr           Unusable   N/A       N/A         2

Dungeon Overview and Level Annotations

Branches:
Dungeon (15/15)            Temple (1/1) D:7            Lair (5/5) D:11
  Swamp (4/4) Lair:3       Spider (4/4) Lair:2        Slime (5/5) Lair:5
    Orc (2/2) D:11            Elf (3/3) Orc:2        Vaults (5/5) D:14
  Crypt (3/3) Vaults:2       Tomb (3/3) Crypt:3      Depths (4/4) D:15
   Hell (visited)             Dis (4/7) Hell            Geh (7/7) Hell
    Coc (7/7) Hell            Tar (7/7) Hell            Zot (4/5) Depths:4
  IceCv (visited)          WizLab (visited)         Desolation (visited)
Gauntlet (visited)

Altars:
Ashenzari
Cheibriados
Dithmenos
Elyvilon
Fedhas
Gozag
Hepliaklqana
Kikubaaqudgha
Makhleb
Nemelex Xobeh
Okawaru
Qazlal
Ru
Sif Muna
Trog
Uskayaw
Vehumet
Wu Jian
Xom
Yredelemnul
Zin
The Shining One
Jiyva

Shops:
D:8 ?   D:9 (   Orc:2 !(==   Elf:1 (   Elf:2 !   Elf:3 *[   Vaults:1 =
Vaults:4 [   Vaults:5 ?   Depths:2 ==:   Depths:4 (

Portals:
Hell: Depths:1 Depths:2 Depths:3 Depths:4
Abyss: Depths:3
Pandemonium: Depths:1 Depths:2 Depths:4


Innate Abilities, Weirdness & Mutations

You are a living statue of rough stone.
Your actions are slow, but your melee attacks are powerful.
You are resistant to unholy torment.
Your maximum health is greatly increased.
Your equipment is partially melded.
((Your serpentine skin is tough. (AC +9)))
You are immune to poison.
You have supernaturally acute eyesight. (SInv)
Armour fits poorly on your strangely shaped body.
Your system is resistant to poisons. (rPois)
((You cover ground very slowly.))
You can spit poison.
You can use your snake-like lower body to constrict enemies.
Your flesh is heat resistant. (rF+)


Message History

You hear a loud squeak.
Okay, then.
Unknown command.
Press: ? - help, v - describe, . - travel
Here: a Hell Sentinel (sparks)
The floor, spattered with blood.
Okay, then.
Unknown command.
As you read the scroll of fog, it dissolves into smoke.
Okay, then.
Unknown command.
Press: ? - help, v - describe, . - travel
Here: a Hell Sentinel (purple smoke)
The floor.
Unknown command.
Press: ? - help, v - describe, . - travel
Here: a Hell Sentinel (purple smoke)
The floor.
Casting: Maxwell's Capacitive Coupling (mildly dangerous; 1% risk of failure)
Confirm with . or Enter, or press ? or * to list all spells.
Okay, then.
Unknown command.
Okay, then.
Unknown command.
Press: ? - help, v - describe, . - travel
Here: a Hell Sentinel (purple smoke)
The floor.
You fade into invisibility!
The Hell Sentinel gestures at you.
The sphere of damnation explodes!
The damnation engulfs you!!
* * * LOW HITPOINT WARNING * * *
The damnation engulfs the Hell Sentinel.
The Hell Sentinel completely resists.
Okay, then.
Unknown command.
As you read the scroll of teleportation, it crumbles to dust.
You feel strangely unstable. The Hell Sentinel gestures at you.
The iron shot hits you!!
You die...

.....#..#.......#
...
#..#8÷....8#..# .
#..'..÷∩...'..#
#.9#8†....8#..#
##.(#.......#
#)§##..8.8..#
#§§#####'####
#1§# ... #8§# ...
#### ###


You could see a Hell Sentinel.

Vanquished Creatures
  Antaeus (Coc:7)
  the Royal Jelly (Slime:5)
  Asmodeus (Geh:7)
  Ereshkigal (Tar:7)
  the Serpent of Hell (Tar:7)
  16 dread liches
  8 ancient liches
  37 royal mummies
  Josephina (Crypt:2)
  A Killer Klown (Zot:3)
  32 shard shrikes
  5 curse toes
  Margery (Crypt:2)
  The ghost of Cogeat the Conqueror, an adept MiMo of Okawaru (Zot:3)
  13 golden dragons
  23 caustic shrikes
  Geryon (Hell)
  Nikola (Swamp:4)
  6 profane servitors
  Jory (Vaults:2)
  30 bone dragons
  13 Brimstone Fiends
  3 electric golems
  17 Tzitzimimeh
  17 hellephants
  Rupert (D:13)
  4 iron giants
  20 doom hounds
  21 Ice Fiends
  20 tentacled monstrosities
  A Cloud Mage (WizLab)
  A spectral shard shrike (Crypt:3)
  Mlioglotl (Swamp:4)
  A walking earthen tome (Depths:2)
  4 Hell Sentinels
  19 titans
  19 tainted leviathans
  21 acid blobs
  6 deep elf blademasters
  6 quicksilver dragons
  17 liches
  15 sphinxes
  3 walking frostbound tomes
  Grunn (Depths:4)
  2 deep elf master archers (Elf:3)
  An eldritch tentacle (Vaults:4)
  Asterion (Vaults:2)
  An Executioner (Abyss:3)
  18 searing wretches
  9 death cobs
  26 ancient champions
  9 tentacled starspawn (Abyss:3)
  Gastronok (D:9)
  The ghost of Amikeex the Brawler, an adept TrMo of Nemelex Xobeh (Depths:4)
  8 tengu reavers
  Aizul (Spider:4)
  7 shadow dragons
  20 storm dragons
  A thorn hunter (Swamp:4)
  4 nagarajas
  A protean progenitor (Zot:3)
  7 revenants
  The ghost of Kipt the Spry, an adept SpFE of Dithmenos (Vaults:3)
  A fenstrider witch (Swamp:3)
  22 narguns
  Roxanne (D:15)
  8 draconian monks
  8 rockslimes
  19 azure jellies
  15 fire giants
  19 vault wardens
  8 draconian shifters
  10 draconian knights
  4 imperial myrmidons (Desolation)
  14 frost giants
  10 iron dragons
  10 deep elf sorcerers
  8 curse skulls
  13 ghost moths
  A spectral juggernaut (Tar:2)
  2 quicksilver elementals
  4 deep elf elementalists (Elf:3)
  6 emperor scorpions
  19 balrugs
  9 shard shrike simulacra
  A caustic shrike zombie (Tomb:3)
  2 cacodemons
  10 draconian scorchers
  14 reapers
  2 spriggan defenders
  17 ironbound preservers
  11 draconian stormcallers
  An orc warlord (Zig:4)
  16 very ugly things
  A ghoul (Crypt:2)
  9 draconian annihilators
  18 stone giants
  21 vampire knights
  28 elemental wellsprings
  A caustic shrike skeleton (Tomb:2)
  11 formless jellyfish
  3 broodmothers
  15 quicksilver oozes
  3 demonspawn blood saints
  9 deep elf demonologists
  The ghost of Hirot Xets the Fighter, a journeyman DsEE of Vehumet (Lair:4)
  A demonspawn black sun (Zig:5)
  4 ironbound thunderhulks
  2 halazid warlocks (Desolation)
  4 eleionomae
  14 green draconians
  9 deep elf annihilators
  14 black draconians
  A spectral titan (Tar:2)
  24 wendigos
  18 putrid mouths
  16 dire elephants
  12 purple draconians
  14 white draconians
  Azrael (Elf:1)
  11 deep elf death magi
  10 bennus
  9 bunyips
  A minotaur (Gauntlet)
  14 red draconians
  4 lorocyprocas (Zig:8)
  22 war gargoyles
  13 spark wasps
  23 eidola
  7 yellow draconians
  2 spectral quicksilver dragons
  18 mummy priests
  5 iron golems
  18 ettins
  10 fire dragons
  12 jiangshi
  A merfolk impaler (Zig:9)
  8 blizzard demons
  4 crystal guardians
  11 yaktaur captains
  3 green deaths
  7 ragged hierophants (Desolation)
  11 entropy weavers
  11 great orbs of eyes
  4 spectral spriggans
  An entropy weaver (shapeshifter) (Vaults:5)
  2 merfolk javelineers (Zig:9)
  2 spectral iron giants
  A kraken zombie (Hell)
  3 rakshasas
  A hell beast (Depths:4)
  9 servants of whispers (Desolation)
  9 deep elf high priests
  4 caustic shrike simulacra
  A quicksilver dragon skeleton (Crypt:1)
  10 ice dragons
  16 salamander tyrants
  46 vault guards
  4 catoblepae
  18 centaur warriors
  3 jorogumos
  7 juggernaut simulacra
  11 peacekeepers
  8 radroaches
  6 ogre magi
  15 two-headed ogres
  18 hydras
  14 ironbound frosthearts
  10 ghost crabs
  9 spriggan air magi
  3 stokers
  2 spriggan skeletons (Tomb:3)
  8 alligators
  An anaconda (shapeshifter) (Depths:1)
  2 merfolk aquamancers
  52 dancing weapons
  6 boulder beetles
  5 deep troll shamans
  5 deep troll earth magi
  3 death knights
  2 sphinx skeletons
  9 tengu warriors
  9 orc high priests
  105 death scarabs
  A thrashing horror (Abyss:5)
  Urug (Lair:1)
  19 death yaks
  28 hell hogs
  2 spectral dire elephants
  A naga sharpshooter (Zig:1)
  A storm dragon zombie (Depths:2)
  2 titan zombies
  9 demonic crawlers
  4 spriggan berserkers
  13 vampire magi
  19 hell knights
  10 soul eaters
  5 occultists
  A spectral storm dragon (Tar:1)
  3 spectral nagas
  7 shock serpents
  A quicksilver ooze zombie (Crypt:1)
  5 sun demons
  6 iron trolls
  43 shadow wraiths
  2 sixfirhies (Abyss:3)
  3 wretched stars (Abyss:3)
  2 salamander mystics
  4 pharaoh ants
  2 crystal echidnas (Dis:2)
  A spectral death yak (Lair:4)
  20 deep elf knights
  35 skeletal warriors
  8 death drakes
  30 deep trolls
  10 goliath frogs
  A shadow demon (Depths:2)
  8 quicksilver dragon simulacra
  2 spectral anacondas (Tar:5)
  A storm dragon skeleton (Crypt:3)
  A spatial maelstrom (Abyss:3)
  8 orb spiders
  3 sea snakes (Zig:9)
  5 arcanists
  3 bog bodies
  2 glowing orange brains (shapeshifter)
  6 swamp dragons (Swamp:4)
  A spectral iron dragon (Tar:2)
  A swamp dragon (shapeshifter) (Zig:4)
  7 steelbarb worms
  6 glowing orange brains
  13 spriggan simulacra
  5 obsidian statues
  30 phantasmal warriors
  2 spectral hydras
  6 spriggan druids
  8 harpies
  5 orange crystal statues
  10 flayed ghosts
  14 lindwurms
  26 ironbound convokers
  5 lightning spires (Zot:3)
  13 deep elf archers
  2 golden dragon skeletons
  A harpy (shapeshifter) (D:15)
  34 deep elf zephyrmancers
  10 necromancers
  39 deep elf pyromancers
  9 orc knights
  A tengu zombie (Zig:8)
  3 orc sorcerers
  9 shining eyes
  A goliath frog skeleton (Crypt:1)
  5 cyclopes
  26 wolf spiders
  9 elephants
  8 will-o-the-wisps
  A faun (Zig:1)
  3 fauns (shapeshifter)
  54 ugly things
  4 meliai
  A salamander (Depths:4)
  A draconian zombie (Tomb:2)
  A spectral alligator snapping turtle (Tar:1)
  A shadow dragon skeleton (Vaults:4)
  28 moths of wrath
  2 oklob plants (Spider:2)
  A worldbinder (Abyss:3)
  2 alligator skeletons (Hell)
  4 manticores
  An eleionoma skeleton (Crypt:1)
  A stone giant zombie (Tomb:2)
  7 rust devils
  A merfolk siren (Zig:9)
  4 guardian serpents (Desolation)
  2 naga zombies
  4 fire giant skeletons
  A frost giant skeleton (Vaults:2)
  2 spectral centaurs
  6 black mambas
  7 titan simulacra
  3 naga magi
  6 torpor snails
  6 ice statues
  A dire elephant zombie (Crypt:2)
  2 water nymphs (Zig:9)
  3 kobold blastminers
  3 apocalypse crabs (WizLab)
  9 smoke demons
  17 vault sentinels
  2 gargoyles
  11 molten gargoyles (Geh:7)
  4 eyes of devastation
  9 cane toads
  A cane toad (shapeshifter) (D:13)
  A white draconian zombie (Crypt:1)
  Jeremiah (D:7)
  A death yak zombie (Crypt:3)
  19 hellions
  An alligator snapping turtle zombie (Crypt:3)
  19 large abominations
  2 rime drakes
  A naga skeleton (Tomb:1)
  A dire elephant skeleton (Crypt:3)
  A sea snake zombie (Hell)
  19 tormentors
  3 bunyip simulacra
  5 golden dragon simulacra
  9 komodo dragons
  28 yaktaurs
  A spectral skyshark (Lair:3)
  2 tengu conjurers (Depths:1)
  7 anaconda simulacra
  8 ancient zymes (Abyss:3)
  3 yaktaur skeletons (Vaults:2)
  A minotaur skeleton (Crypt:2)
  3 spectral harpies
  15 freezing wraiths
  5 trolls
  5 hydra zombies
  17 ice devils
  A silent spectre (Tar:1)
  4 human skeletons (Vaults:2)
  54 guardian mummies
  2 bloated husks
  4 harpy zombies
  3 red devils (Orc:2)
  A merfolk (Zig:9)
  20 tarantellas
  10 polar bears
  5 wind drakes
  5 harpy skeletons
  A moth of wrath zombie (Crypt:3)
  A hellwing (Abyss:3)
  23 blink frogs
  2 fire dragon zombies (Geh:4)
  3 spriggan zombies
  10 hornets
  3 alligator simulacra (IceCv)
  16 raiju (Abyss:3)
  2 shadow dragon simulacra
  7 glass eyes
  71 saltlings (Desolation)
  A guardian serpent zombie (Crypt:3)
  15 tyrant leeches
  A spectral elephant (Lair:3)
  2 stone giant simulacra
  A glass eye (shapeshifter) (D:13)
  4 snapping turtles
  2 iron dragon simulacra
  A spriggan (shapeshifter) (Vaults:5)
  2 spectral black mambas
  A slime creature (shapeshifter) (Depths:3)
  88 slime creatures
  A fire dragon skeleton (Geh:4)
  8 air elementals
  27 jumping spiders
  3 centaur simulacra
  A jumping spider zombie (Crypt:3)
  3 naga simulacra
  4 wyverns
  An elf skeleton (Vaults:2)
  11 spriggans
  A jumping spider (shapeshifter) (Vaults:5)
  15 shadows
  5 ynoxinuls
  16 culicivoras
  7 water elementals
  A black mamba zombie (Crypt:1)
  An ice dragon skeleton (Tomb:2)
  64 yaks
  7 wraiths
  A wyvern (shapeshifter) (D:14)
  12 ushabtiu
  7 dire elephant simulacra
  4 basilisks
  2 fire bats (Swamp:4)
  9 fire elementals
  10 golden eyes
  18 starcursed masses (Abyss:3)
  A steam dragon (D:9)
  3 wargs
  8 minotaur simulacra (IceCv)
  4 chaos spawn
  3 neqoxecs
  48 redbacks
  10 vampire mosquitoes
  22 swamp worms
  7 spatial vortices
  A spectral komodo dragon (Lair:4)
  3 hydra simulacra
  14 harpy simulacra
  2 water nymph skeletons (Crypt:2)
  3 acid dragons
  10 water moccasins
  A merfolk skeleton (Crypt:3)
  17 swamp drakes
  8 hell hounds
  Duvessa (D:7)
  47 orc warriors
  A glowing shapeshifter skeleton (Vaults:2)
  2 ice beasts
  11 black bears
  6 small abominations (Abyss:3)
  8 ettin simulacra
  2 sky beasts
  2 elephant zombies (Lair:3)
  A manticore skeleton (Crypt:1)
  20 laughing skulls
  14 ogres
  2 boggarts
  2 wolves (D:11)
  9 centaurs
  6 kobold brigands
  2 phantoms
  A hog skeleton (Crypt:3)
  9 weeping skulls (Crypt:3)
  A brain worm (Abyss:3)
  2 earth elementals
  3 necrophages
  Blork the orc (D:4)
  9 deep troll simulacra (IceCv)
  2 komodo dragon zombies (Lair:3)
  14 bullfrogs
  A yaktaur zombie (Crypt:2)
  8 scorpions
  A gnoll sergeant (D:8)
  A wyvern skeleton (Crypt:1)
  8 wights (D:6)
  A yak zombie (Crypt:2)
  Dowan (D:7)
  A polar bear zombie (Crypt:3)
  A lindwurm simulacrum (IceCv)
  11 killer bees
  A shapeshifter skeleton (Crypt:3)
  7 electric eels
  A crimson imp (Abyss:3)
  2 komodo dragon simulacra (Lair:4)
  3 bombardier beetles
  A quasit (Abyss:3)
  A human zombie (Crypt:1)
  3 hounds
  7 jellies
  A basilisk skeleton (Crypt:2)
  An iron imp (Abyss:3)
  33 orc priests
  6 iguanas
  5 sleepcaps
  20 orc wizards
  Ijyb (D:3)
  3 hell rats (Hell)
  A brain worm zombie (Crypt:2)
  3 hound skeletons
  51 mummies
  7 gnolls
  5 adders
  3 river rats (D:5)
  A shadow imp (D:6)
  5 ufetubi
  An iguana skeleton (Crypt:3)
  4 dart slugs
  5 ribbon worms
  93 orcs
  9 endoplasms
  6 giant cockroaches
  5 goblins
  7 hobgoblins
  23 kobolds
  5 quokkas
  9 ball pythons
  11 bats
  6 frilled lizards
  8 rats
  A rat zombie (Crypt:2)
  5 creeping infernos
  13 fire vortices
  2 lurking horrors (Abyss:3)
  9 starspawn tentacles (Abyss:3)
  3 tentacles (Hell)
4170 creatures vanquished.

Vanquished Creatures (collateral kills)
  A dread lich (Depths:3)
  A royal mummy (Tomb:3)
  A pandemonium lord (Zig:8)
  2 Tzitzimimeh (Tar:7)
  2 titans
  An acid blob (Slime:3)
  A storm dragon (Zig:11)
  A nagaraja (Zig:9)
  A revenant (Zig:11)
  A spectral caustic shrike (Tar:4)
  A ghost moth (Zig:7)
  A draconian annihilator (Zig:9)
  A very ugly thing (Zig:4)
  A curse skull (Zig:5)
  A black draconian (Zot:3)
  A lorocyproca (Zig:4)
  A vault guard (Vaults:5)
  A pharaoh ant (Zig:7)
  An orc knight (Vaults:5)
  A water nymph (Zig:9)
  A torpor snail (Zig:10)
  A slime creature (Slime:2)
  A gnoll (D:1)
  An orc (Vaults:5)
  An endoplasm (D:1)
27 creatures vanquished.

Vanquished Creatures (others)
  A golden dragon (Zot:3)
  3 ancient champions (Tar:1)
  3 storm dragons (Zot:3)
  A fire giant (Geh:7)
  A ghost moth (Zot:3)
  4 black draconians (Zot:3)
  A spark wasp (Zot:3)
  An entropy weaver (Spider:2)
  A caustic shrike simulacrum (Coc:2)
  An alligator (Swamp:4)
  2 deep elf knights (Elf:3)
  A swamp dragon (Swamp:4)
  A will-o-the-wisp (Swamp:4)
  2 smoke demons (Hell)
  An iron giant simulacrum (Coc:7)
  A tyrant leech (Swamp:3)
  A culicivora (Spider:4)
  A spriggan (Swamp:4)
  2 air elementals (Zot:3)
  A fire bat (Abyss:3)
  A spatial vortex (Abyss:3)
  4 swamp drakes (Swamp:4)
  A hell rat (Hell)
  2 orcs (Elf:3)
  3 creeping infernos
  267 fire vortices
  28 foxfires
  A lurking horror (Abyss:3)
  15 starspawn tentacles (Abyss:3)
  A tentacle (Hell)
353 creatures vanquished.

Grand Total: 4550 creatures vanquished

Notes
Turn   | Place    | Note
-------+----------+-------------------------------------------
     0 | D:1      | bottledwater03 the Naga Hedge Wizard began the quest for
                  | the Orb.
     0 | D:1      | Reached XP level 1. HP: 15/15 MP: 4/4
    81 | D:1      | Reached XP level 2. HP: 21/22 MP: 1/6
    87 | D:1      | Learned a level 2 spell: Call Imp
   348 | D:1      | Reached XP level 3. HP: 28/28 MP: 8/8
   382 | D:1      | Learned a level 3 spell: Mephitic Cloud
   432 | D:1      | Learned a level 2 spell: Blink
   440 | D:1      | Reached skill level 1 in Alchemy
   642 | D:1      | Reached skill level 1 in Air Magic
   651 | D:1      | Reached XP level 4. HP: 36/36 MP: 5/9
  1735 | D:3      | Found a snail-covered altar of Cheibriados.
  1739 | D:3      | Became a worshipper of Cheibriados the Contemplative
  1779 | D:3      | Noticed Ijyb
  1791 | D:3      | Killed Ijyb
  1792 | D:3      | Reached XP level 5. HP: 33/42 MP: 7/10
  1843 | D:3      | Found an ornate altar of the Wu Jian Council.
  2052 | D:3      | Found a hazy altar of Hepliaklqana.
  2284 | D:4      | Reached * piety under Cheibriados
  2530 | D:4      | Found an opulent altar of Gozag.
  2579 | D:4      | Found an ancient bone altar of Kikubaaqudgha.
  2650 | D:4      | Reached XP level 6. HP: 45/49 MP: 11/11
  2964 | D:4      | Noticed Blork the orc
  3370 | D:4      | Killed Blork the orc
  3371 | D:4      | Reached XP level 7. HP: 49/55 MP: 10/14
  3419 | D:5      | Entered Level 5 of the Dungeon
  3480 | D:4      | Learned a level 3 spell: Volatile Blastmotes
  3576 | D:5      | Reached ** piety under Cheibriados
  3586 | D:5      | Found a burning altar of Makhleb.
  3624 | D:5      | Reached skill level 1 in Fire Magic
  3970 | D:5      | Reached skill level 1 in Long Blades
  3977 | D:5      | Reached skill level 1 in Fighting
  3977 | D:5      | Reached skill level 5 in Stealth
  3977 | D:5      | Reached XP level 8. HP: 67/67 MP: 13/15
  4201 | D:5      | Reached skill level 5 in Spellcasting
  4367 | D:6      | Reached skill level 5 in Conjurations
  4391 | D:6      | Learned a level 4 spell: Iskenderun's Mystic Blast
  4714 | D:6      | Reached XP level 9. HP: 64/78 MP: 7/16
  4727 | D:6      | Reached *** piety under Cheibriados
  4733 | D:6      | You fall into a shaft and drop 2 floors!
  4733 | D:8      | Found a glowing silver altar of Zin.
  4743 | D:8      | Found Zedauff's Magic Scroll Emporium.
  4751 | D:8      | Bought a scroll of blinking for 90 gold pieces
  4793 | D:7      | Noticed Jeremiah
  4797 | D:7      | Noticed Dowan
  4800 | D:7      | Noticed Duvessa
  4818 | D:8      | Found a hide-covered altar of Uskayaw.
  4999 | D:6      | Found a sacrificial altar of Ru.
  5080 | D:6      | Reached skill level 5 in Fighting
  5442 | D:7      | Found a staircase to the Ecumenical Temple.
  5559 | D:7      | Killed Dowan
  5683 | D:7      | Killed Jeremiah
  5843 | D:7      | Killed Duvessa
  5856 | Temple   | Entered the Ecumenical Temple
  5963 | D:8      | Reached **** piety under Cheibriados
  6046 | D:8      | Bought a scroll of identify for 24 gold pieces
  6096 | D:8      | Reached XP level 10. HP: 66/92 MP: 16/20
  6187 | D:8      | Reached skill level 1 in Invocations
  6760 | D:9      | Reached ***** piety under Cheibriados
  6847 | D:9      | Found Sinythrae's Antique Weapon Boutique.
  6883 | D:9      | Noticed Gastronok
  7157 | D:10     | Entered Level 10 of the Dungeon
  7208 | D:10     | Noticed a two-headed ogre
  7516 | D:10     | Noticed a gargoyle
  7802 | D:10     | Killed a two-headed ogre
  7803 | D:10     | Reached XP level 11. HP: 65/103 MP: 13/23
  7944 | D:10     | Learned a level 3 spell: Ozocubu's Armour
  8250 | D:11     | Found a staircase to the Orcish Mines.
  8358 | D:11     | Reached skill level 5 in Invocations
  8374 | D:11     | Noticed a two-headed ogre
  8395 | D:11     | Killed a two-headed ogre
  8611 | D:11     | Found a staircase to the Lair.
  8829 | D:11     | Found a sacrificial altar of Ru.
  8861 | Lair:1   | Entered Level 1 of the Lair of Beasts
  8867 | Lair:1   | Reached skill level 10 in Spellcasting
  8867 | Lair:1   | Reached skill level 1 in Ice Magic
  9274 | Lair:1   | Noticed Urug
  9304 | Lair:1   | Killed Urug
  9305 | Lair:1   | Reached XP level 12. HP: 44/114 MP: 2/26
  9521 | Lair:1   | Reached skill level 1 in Polearms
  9766 | Lair:1   | Found a glowing silver altar of Zin.
 10221 | Lair:2   | Noticed a death yak
 10224 | Lair:2   | Noticed a death yak
 10224 | Lair:2   | Noticed a death yak
 10225 | Lair:2   | Noticed a death yak
 10226 | Lair:2   | Noticed a death yak
 10297 | Lair:2   | Reached skill level 10 in Fighting
 10316 | Lair:2   | Found a hole to the Spider Nest.
 10320 | Lair:2   | Found a gate leading to a gauntlet.
 10332 | Gauntlet | Entered a Gauntlet
 10332 | Gauntlet | Found a transporter.
 10334 | Gauntlet | Noticed a six-headed hydra
 10336 | Gauntlet | Found a transporter.
 10349 | Gauntlet | Found a transporter.
 10352 | Gauntlet | Found a transporter.
 10363 | Gauntlet | Found a transporter.
 10384 | Gauntlet | Found a transporter.
 10386 | Gauntlet | Noticed an entropy weaver
 10387 | Gauntlet | Found a transporter.
 10391 | Gauntlet | Found a transporter.
 10397 | Gauntlet | Noticed a balrug
 10422 | Gauntlet | Found a transporter.
 10439 | Gauntlet | Found a transporter.
 10443 | Gauntlet | Found a transporter.
 10454 | Gauntlet | Found a transporter.
 10643 | Gauntlet | Identified the +0 barding "Tecy" {+Blink}
 10750 | Gauntlet | Killed an entropy weaver
 10890 | Gauntlet | Identified the +11 flail of the Gibberer {venom, *Rage rF+
                  | Will+}
 10890 | Gauntlet | Noticed a minotaur
 10907 | Gauntlet | Killed a minotaur
 10936 | Gauntlet | Identified the quicksilver dragon scales "Maatzy" {rF+
                  | Will+}
 10937 | Gauntlet | Got the Handbook of the Jaunt
 11126 | Lair:2   | Reached skill level 5 in Dodging
 11309 | Lair:2   | Killed a death yak
 11322 | Lair:2   | Killed a death yak
 11323 | Lair:2   | Killed a death yak
 11326 | Lair:2   | Killed a death yak
 11327 | Lair:2   | Gained mutation: You can use your snake-like lower body to
                  | constrict enemies. [Naga growth]
 11327 | Lair:2   | Reached XP level 13. HP: 62/127 MP: 4/27
 11670 | Lair:2   | Reached skill level 5 in Polearms
 11795 | Orc:1    | Entered Level 1 of the Orcish Mines
 11817 | Orc:1    | Found a burning altar of Makhleb.
 12031 | Orc:2    | Entered Level 2 of the Orcish Mines
 12031 | Orc:2    | Found a bloodstained altar of Trog.
 12105 | Orc:2    | Noticed an ettin
 12904 | Lair:3   | Learned a level 5 spell: Irradiate
 12975 | Lair:3   | Reached skill level 10 in Stealth
 13324 | Lair:4   | Reached skill level 5 in Alchemy
 13422 | Lair:4   | Reached skill level 1 in Armour
 14042 | Lair:4   | Found a runed translucent gate.
 14042 | Lair:4   | Found a runed translucent gate.
 14042 | Lair:4   | Found a runed translucent gate.
 14042 | Lair:4   | Noticed Hirot Xets's ghost (journeyman DsEE)
 14310 | Lair:5   | Entered Level 5 of the Lair of Beasts
 14381 | Lair:5   | Reached XP level 14. HP: 134/138 MP: 15/28
 14517 | Lair:5   | Found a staircase to the Slime Pits.
 14647 | Lair:5   | Reached skill level 10 in Conjurations
 14689 | Lair:5   | Learned a level 4 spell: Airstrike
 14819 | Lair:5   | Reached skill level 1 in Shapeshifting
 15116 | Lair:5   | Found a viscous altar of Jiyva.
 15624 | Lair:5   | Learned a level 6 spell: Starburst
 15974 | Orc:2    | Reached ****** piety under Cheibriados
 16095 | Orc:2    | Reached XP level 15. HP: 112/147 MP: 21/29
 16131 | Orc:2    | Reached skill level 5 in Shapeshifting
 16156 | Orc:2    | Reached skill level 5 in Fire Magic
 16323 | Orc:2    | Found a staircase to the Elven Halls.
 16598 | Orc:2    | Found Naceeth's Weapon Emporium.
 16598 | Orc:2    | Found Kil Neut's Distillery.
 16617 | Orc:2    | Found Ycucumm's Jewellery Emporium.
 16617 | Orc:2    | Found Catask's Jewellery Shoppe.
 16629 | Orc:2    | Bought an amulet of magic regeneration for 330 gold pieces
 16719 | Orc:1    | Reached skill level 1 in Shields
 17021 | D:9      | Killed Gastronok
 17365 | Lair:3   | Found a staircase to the Swamp.
 17422 | Lair:3   | Reached skill level 2 in Shields
 17975 | D:12     | Reached skill level 3 in Shields
 19156 | D:13     | Reached skill level 4 in Shields
 19332 | D:13     | Noticed Rupert
 19346 | D:13     | Killed Rupert
 19949 | D:14     | Reached skill level 5 in Shields
 20045 | D:14     | Reached XP level 16. HP: 72/156 MP: 5/30
 20047 | D:14     | Reached skill level 6 in Shields
 20351 | Spider:1 | Entered Level 1 of the Spider Nest
 20434 | Spider:1 | Reached skill level 10 in Fire Magic
 20600 | Spider:1 | Identified a scroll of acquirement
 20600 | Spider:1 | Acquired 945 gold pieces
 22166 | Spider:3 | Reached skill level 7 in Shields
 22693 | Spider:3 | Reached skill level 8 in Shields
 22943 | Spider:4 | Entered Level 4 of the Spider Nest
 23023 | Spider:4 | Reached XP level 17. HP: 138/162 MP: 16/31
 23091 | Spider:4 | Reached skill level 9 in Shields
 23123 | Spider:4 | Learned a level 5 spell: Freezing Cloud
 23158 | Spider:4 | Reached skill level 5 in Air Magic
 23189 | Spider:3 | Acquired a staff of air
 23440 | Spider:4 | Acquired the +2 hat of the Stopping Gods {rC+ Str+4 Dex-2}
 23743 | Spider:4 | Reached skill level 10 in Shields
 23889 | Spider:4 | Identified the serpent talisman of Card Tricks {rCorr
                  | Stlth+}
 23889 | Spider:4 | Noticed Aizul
 23906 | Spider:4 | Killed Aizul
 24218 | Spider:4 | Got a gossamer rune of Zot
 24470 | Swamp:1  | Entered Level 1 of the Swamp
 24513 | Swamp:1  | Identified the +0 falchion "Enyfuok" {venom, Int+4}
 24710 | Swamp:1  | Learned a level 6 spell: Bombard
 25120 | Swamp:2  | Identified the +4 great mace of Keytumor {freeze, *Corrode
                  | rElec rN+ Int+2}
 25146 | Swamp:2  | Reached XP level 18. HP: 133/172 MP: 30/34
 25346 | Swamp:2  | Identified the +6 flail "Acarinebane" {vamp, Will+}
 25676 | Swamp:3  | Found a glacial archway.
 25697 | IceCv    | Entered an ice cave
 25821 | IceCv    | Learned a level 4 spell: Manifold Assault
 25847 | IceCv    | Learned a level 4 spell: Summon Lightning Spire
 26351 | IceCv    | Reached skill level 1 in Earth Magic
 26537 | IceCv    | Noticed an Ice Fiend
 26540 | IceCv    | Killed an Ice Fiend
 26541 | IceCv    | Reached skill level 1 in Throwing
 26605 | IceCv    | Identified the ring "Piody" {rN+ rCorr Stlth+}
 27351 | Swamp:4  | Entered Level 4 of the Swamp
 27385 | Swamp:4  | Noticed Mlioglotl
 27392 | Swamp:4  | Killed Mlioglotl
 27524 | Swamp:4  | Identified the +1 scimitar of Midnight {elec, rN++ Dex+3}
 27652 | Swamp:4  | Noticed Nikola
 27915 | Swamp:4  | Got a decaying rune of Zot
 28028 | Swamp:4  | Reached skill level 10 in Air Magic
 28118 | Swamp:4  | Killed Nikola
 28200 | Swamp:4  | Reached XP level 19. HP: 156/180 MP: 34/36
 28746 | Orc:2    | Bought a ring of protection from fire for 300 gold pieces
 29063 | D:14     | Found a gate to the Vaults.
 29191 | D:15     | Entered Level 15 of the Dungeon
 29197 | D:15     | Noticed Roxanne
 29341 | D:15     | Found a portal to a secret trove of treasure.
 29350 | D:15     | Identified the +5 dagger "Fyhudux" {protect, rC- Str+5
                  | Dex+4}
 29381 | D:15     | Found a staircase to the Depths.
 29945 | D:15     | You paid a toll of +2 fire dragon scales to enter a
                  | treasure trove
 29946 | Trove    | Entered a treasure trove
 29986 | Trove    | Got the Octavo of Dark Concoctions
 29989 | Trove    | Got Sif Muna's Compilation of the Blazing Plateau
 30005 | Trove    | Got the Atlas of the Familiar
 30635 | D:15     | Killed Roxanne
 30807 | Elf:1    | Entered Level 1 of the Elven Halls
 30901 | Elf:1    | Found a crumbling gateway.
 30940 | Desolati | Entered the Desolation of Salt
 31189 | Desolati | Identified the staff "Zavouz" {rC+ Dex+2 Ice Air}
 31805 | Desolati | Identified the +5 scimitar of Wolarue {drain, rC+ Str+2
                  | Int+3 SInv}
 31814 | Desolati | Identified the +1 sling "Conservator" {heavy, Str+3}
 31907 | Desolati | Reached XP level 20. HP: 64/188 MP: 25/38
 32115 | Desolati | Found the +1 robe of Vines {NoPotionHeal Regen++++}
 32134 | Desolati | Got the Anthology of Bodies and the Squall
 32148 | Desolati | Got the Anthology of Glowing Injury
 32157 | Desolati | Identified the +4 ring mail of Sorcery {Harm Fly rF+ rC+}
 32336 | Elf:1    | Noticed Azrael
 32346 | Elf:1    | Killed Azrael
 32578 | Elf:1    | Found Ciefo's Weapon Shop.
 33168 | D:8      | Bought a scroll of amnesia for 48 gold pieces
 33168 | D:8      | Bought a scroll of fear for 48 gold pieces
 33168 | D:8      | Bought a scroll of brand weapon for 114 gold pieces
 33178 | D:8      | Learned a level 8 spell: Ignition
 33320 | Elf:2    | Found Usodim's Distillery.
 33344 | Elf:2    | Bought a potion of cancellation for 144 gold pieces
 33407 | Elf:2    | Found a runed translucent gate.
 33423 | Elf:2    | Paralysed by an air elemental for 1 turns
 33427 | Elf:2    | Paralysed by an air elemental for 1 turns
 33434 | Elf:2    | Paralysed by an air elemental for 1 turns
 33440 | Elf:2    | Paralysed by an air elemental for 1 turns
 33724 | Elf:2    | Found a runed translucent gate.
 33724 | Elf:2    | Found a runed translucent gate.
 34409 | Elf:3    | Entered Level 3 of the Elven Halls
 34540 | Elf:3    | Reached skill level 15 in Fire Magic
 34703 | Elf:3    | Reached XP level 21. HP: 195/195 MP: 31/39
 34707 | Elf:3    | Identified the amulet "Kik Meh" {-Tele rN+ Regen+ rCorr}
 34712 | Elf:3    | Identified the +1 whip of the Ancient Stories {elec, rF+}
 34723 | Elf:3    | Reached skill level 15 in Conjurations
 34778 | Elf:3    | Got Plog's Quarto of Formulae and the Coals
 34833 | Elf:3    | Got the Discourse on Singed Terra Firma
 34839 | Elf:3    | Identified the +2 trident "Bemaa" {holy, Dex+4}
 34903 | Elf:3    | Identified the staff "Uniptakipp" {rPois rF+ rC+ Str-4 SInv
                  | Fire}
 34930 | Elf:3    | Got the Information on Anathema
 35081 | Elf:3    | Found Remimm's Antique Armour Shoppe.
 35100 | Elf:3    | Reached skill level 15 in Spellcasting
 35101 | Elf:3    | Paralysed by an air elemental for 1 turns
 35109 | Elf:3    | Paralysed by an air elemental for 1 turns
 35121 | Elf:3    | Paralysed by an air elemental for 1 turns
 35124 | Elf:3    | Paralysed by an air elemental for 1 turns
 35128 | Elf:3    | Bought a pair of glowing gloves for 202 gold pieces
 35131 | Elf:3    | Found Quozxuax's General Store.
 35137 | Elf:3    | Bought a potion of magic for 160 gold pieces
 35166 | Elf:3    | Identified the +3 dagger of Nuenou {speed, rElec rPois rN+}
 35831 | Elf:3    | Identified the +0 helmet of Vuffukeg {Int+3 Slay+5 SInv}
 35832 | Elf:3    | Identified the +7 plate armour "Linaz" {rElec Dex+2}
 35848 | Elf:3    | Found the +6 arbalest "Damnation" {damnation}
 35852 | Elf:3    | Identified the +0 cloak of the New World {-Tele Will+++
                  | MP-9 Int+6}
 36005 | Elf:3    | Acquired 551 gold pieces
 36260 | Depths:1 | Entered Level 1 of the Depths
 36315 | Depths:1 | Found a shadowy altar of Dithmenos.
 36355 | Depths:1 | Found a gateway to Hell.
 36397 | Depths:1 | Identified the +8 war axe "Hoth" {drain, rElec}
 36398 | Depths:1 | Found a magical portal.
 36420 | WizLab   | Entered The Chambers of the Cloud Mage
 36725 | WizLab   | Paralysed by an air elemental for 1 turns
 36728 | WizLab   | Paralysed by an air elemental for 1 turns
 36735 | WizLab   | Paralysed by an air elemental for 1 turns
 36737 | WizLab   | Paralysed by an air elemental for 1 turns
 36743 | WizLab   | Paralysed by an air elemental for 1 turns
 36748 | WizLab   | Paralysed by an air elemental for 1 turns
 36814 | WizLab   | Identified the ring of the Heavens {rF+ EV+5 Dex+3}
 36932 | WizLab   | Paralysed by an air elemental for 1 turns
 37039 | WizLab   | Paralysed by an air elemental for 1 turns
 37042 | WizLab   | Paralysed by an air elemental for 1 turns
 37441 | Depths:1 | Found a blossoming altar of Fedhas.
 37510 | Depths:1 | Reached skill level 11 in Shields
 37827 | Depths:1 | Found an iron altar of Okawaru.
 37926 | Depths:1 | Reached XP level 22. HP: 204/204 MP: 28/41
 37964 | Depths:1 | Reached skill level 12 in Shields
 38131 | Depths:1 | Found a one-way gate leading to the halls of Pandemonium.
 38191 | Depths:1 | Identified the +5 trident of Gloom {drain, rN+}
 38267 | Depths:1 | Noticed a caustic shrike
 38277 | Depths:1 | Killed a caustic shrike
 38422 | Depths:1 | Found a sparkling altar of Nemelex Xobeh.
 38507 | Depths:1 | Found a basalt altar of Yredelemnul.
 38548 | Depths:1 | Identified the +5 ice dragon scales of Quckets {rF- rC++
                  | rN++ Regen+ Dex-3 Stlth+}
 39288 | Depths:2 | Noticed a caustic shrike
 39297 | Depths:2 | Killed a caustic shrike
 39700 | Depths:2 | Noticed a golden dragon
 39730 | Depths:2 | Killed a golden dragon
 39929 | Depths:2 | Identified the +0 chain mail "Sokaz" {*Slow Will+ Str+4}
 39950 | Depths:2 | Found Nebloff's Book Emporium.
 39950 | Depths:2 | Found Fazeagat's Jewellery Shop.
 39951 | Depths:2 | Found Samop's Jewellery Shop.
 39956 | Depths:2 | Bought the ring of Xom's Bemusement {rPois rF++ EV+5 Str+2
                  | Stlth-} for 945 gold pieces
 39958 | Depths:2 | Bought a manual of Polearms for 960 gold pieces
 40220 | Depths:2 | Found the +7 mace of Variability {chaos, chaos arc}
 40401 | Vaults:1 | Entered Level 1 of the Vaults
 40473 | Vaults:1 | Identified the +8 falchion of Ru's Outrage {heavy, Will+
                  | Str-2 Dex+3}
 40796 | Vaults:1 | Reached XP level 23. HP: 204/211 MP: 27/43
 41024 | Vaults:1 | Reached skill level 13 in Shields
 41231 | Vaults:1 | Learned a level 9 spell: Fire Storm
 41285 | Vaults:1 | Found Ulocho's Jewellery Shop.
 42312 | Vaults:2 | Noticed Asterion
 42314 | Vaults:2 | Killed Asterion
 42597 | Vaults:2 | Reached skill level 14 in Shields
 43127 | Vaults:2 | Found a staircase to the Crypt.
 43322 | Vaults:3 | Paralysed by a formless jellyfish for 1 turns
 43327 | Vaults:3 | Paralysed by a formless jellyfish for 1 turns
 43434 | Vaults:3 | Acquired the ring "Daehaal" {rN+ Int+3}
 43435 | Vaults:3 | Acquired the scarf of Anaesthesia {repulsion, Dex+3}
 43781 | Vaults:3 | Found a runed translucent door.
 43782 | Vaults:3 | Noticed Kipt's ghost (adept SpFE)
 43862 | Vaults:3 | Killed Kipt's ghost
 44217 | Vaults:3 | Identified the +5 demon whip of the Hero {freeze, rElec
                  | rF++ rC- rN+}
 44442 | Vaults:4 | Reached skill level 1 in Maces & Flails
 44442 | Vaults:4 | Reached XP level 24. HP: 164/218 MP: 35/43
 44560 | Vaults:4 | Got the Spellbook of Necromancy
 44628 | Vaults:4 | Got the Commentary on Jinxing
 44821 | Vaults:4 | Got the Handbook of the Geodesic
 45155 | Vaults:4 | Reached skill level 15 in Shields
 45544 | Vaults:4 | Found Dufuled's Armour Emporium.
 45893 | Vaults:5 | Entered Level 5 of the Vaults
 45898 | Vaults:5 | Noticed a dread lich
 46111 | Crypt:1  | Entered Level 1 of the Crypt
 46173 | Crypt:1  | Reached skill level 16 in Shields
 46775 | Crypt:2  | Noticed Margery
 47141 | Crypt:2  | Killed Margery
 47150 | Crypt:2  | Reached XP level 25. HP: 225/225 MP: 13/43
 47442 | Crypt:2  | Identified the ring "Woczaej" {Ice ^Drain rElec Str+3
                  | Stlth+}
 47442 | Crypt:2  | Noticed Josephina
 47452 | Crypt:2  | Killed Josephina
 47475 | Crypt:2  | Reached skill level 10 in Shapeshifting
 47572 | Crypt:3  | Entered Level 3 of the Crypt
 47862 | Crypt:3  | Found a staircase to the Tomb.
 48284 | Crypt:3  | Found an ancient bone altar of Kikubaaqudgha.
 48465 | Crypt:3  | Identified the ring of the Middle {Fly Will+ Int+6}
 48472 | Crypt:3  | Got Ereshkigal's Compendium of Debased Arts
 48479 | Crypt:3  | Identified the ring of Intercession {MP-9 Str+6 Dex+4}
 48826 | Tomb:1   | Entered Level 1 of the Tomb of the Ancients
 49202 | Tomb:1   | Noticed a royal mummy
 49206 | Tomb:1   | Killed a royal mummy
 49312 | Tomb:1   | Identified the ring of Vamn {rC+ Str-4 Dex+2 SInv}
 49582 | Tomb:2   | Noticed a royal mummy
 49582 | Tomb:2   | Noticed a royal mummy
 49582 | Tomb:2   | Noticed a royal mummy
 49582 | Tomb:2   | Noticed a royal mummy
 49591 | Tomb:2   | Killed a royal mummy
 49591 | Tomb:2   | Killed a royal mummy
 49593 | Tomb:2   | Killed a royal mummy
 49597 | Tomb:2   | Killed a royal mummy
 49598 | Tomb:2   | Reached skill level 15 in Shapeshifting
 49606 | Tomb:2   | Reached XP level 26. HP: 224/229 MP: 21/43
 49961 | Tomb:1   | Noticed a royal mummy
 49967 | Tomb:1   | Noticed a royal mummy
 49968 | Tomb:1   | Noticed a royal mummy
 49974 | Tomb:1   | Killed a royal mummy
 49974 | Tomb:1   | Killed a royal mummy
 49974 | Tomb:1   | Killed a royal mummy
 49974 | Tomb:1   | Noticed a royal mummy
 49975 | Tomb:1   | Killed a royal mummy
 49977 | Tomb:1   | Killed a royal mummy
 50026 | Tomb:1   | Noticed a royal mummy
 50027 | Tomb:1   | Noticed a royal mummy
 50027 | Tomb:1   | Noticed a royal mummy
 50030 | Tomb:1   | Killed a royal mummy
 50031 | Tomb:1   | Killed a royal mummy
 50031 | Tomb:1   | Killed a royal mummy
 50034 | Tomb:1   | Noticed a royal mummy
 50043 | Tomb:1   | Killed a royal mummy
 50045 | Tomb:1   | Noticed a royal mummy
 50061 | Tomb:1   | Killed a royal mummy
 50074 | Tomb:1   | Noticed a royal mummy
 50116 | Tomb:1   | Noticed a royal mummy
 50123 | Tomb:1   | Killed a royal mummy
 50135 | Tomb:1   | Killed a royal mummy
 50137 | Tomb:1   | Noticed a royal mummy
 50148 | Tomb:1   | Killed a royal mummy
 50148 | Tomb:1   | Noticed a royal mummy
 50149 | Tomb:1   | Noticed a royal mummy
 50152 | Tomb:1   | Killed a royal mummy
 50152 | Tomb:1   | Killed a royal mummy
 50174 | Tomb:1   | Noticed a royal mummy
 50179 | Tomb:1   | Killed a royal mummy
 50181 | Tomb:1   | Noticed a royal mummy
 50191 | Tomb:1   | Killed a royal mummy
 50284 | Tomb:1   | Noticed a royal mummy
 50295 | Tomb:1   | Killed a royal mummy
 50321 | Tomb:1   | Noticed a royal mummy
 50327 | Tomb:1   | Killed a royal mummy
 50328 | Tomb:1   | Noticed a royal mummy
 50328 | Tomb:1   | Noticed a royal mummy
 50329 | Tomb:1   | Noticed a royal mummy
 50331 | Tomb:1   | Killed a royal mummy
 50331 | Tomb:1   | Killed a royal mummy
 50334 | Tomb:1   | Killed a royal mummy
 50375 | Tomb:1   | Noticed a royal mummy
 50381 | Tomb:1   | Killed a royal mummy
 50593 | Tomb:3   | Entered Level 3 of the Tomb of the Ancients
 50595 | Tomb:3   | Noticed a royal mummy
 50597 | Tomb:3   | Killed a royal mummy
 50602 | Tomb:3   | Reached XP level 27. HP: 207/240 MP: 21/43
 50696 | Tomb:3   | Noticed a royal mummy
 50700 | Tomb:3   | Killed a royal mummy
 50704 | Tomb:3   | Noticed a royal mummy
 50837 | Tomb:3   | Noticed a royal mummy
 50842 | Tomb:3   | Killed a royal mummy
 50842 | Tomb:3   | Killed a royal mummy
 50847 | Tomb:3   | Noticed a royal mummy
 50851 | Tomb:3   | Killed a royal mummy
 51143 | Vaults:2 | Noticed Jory
 51152 | Vaults:2 | Killed Jory
 51369 | Vaults:4 | Killed a dread lich
 51652 | Vaults:5 | Noticed a dread lich
 51655 | Vaults:5 | Noticed a dread lich
 51663 | Vaults:4 | Killed a dread lich
 51666 | Vaults:4 | Killed a dread lich
 51667 | Vaults:4 | Reached skill level 17 in Shields
 51967 | Vaults:5 | Identified the ring of Elitism {rF- rC++ EV+5 Int+2 Stlth+}
 52010 | Vaults:5 | Identified the ring "Ubrawn" {AC+4 Int+4}
 52021 | Vaults:5 | Identified the ring of Gurhogog {rPois rN+ Dex+4}
 52027 | Vaults:5 | Noticed a dread lich
 52037 | Vaults:5 | Killed a dread lich
 52053 | Vaults:5 | Noticed a dread lich
 52061 | Vaults:5 | Killed a dread lich
 52142 | Vaults:5 | Identified the ring of the Furies {rElec rPois rC- Int+6
                  | Dex+4}
 52288 | Vaults:5 | Identified the +0 battleaxe of the Foremost Lies
                  | {antimagic, rN+ Stlth+}
 52298 | Vaults:5 | Identified the +10 short sword of Inflation {antimagic,
                  | rN+}
 52314 | Vaults:5 | Identified the ring "Lelu" {rF+ Str+4}
 52317 | Vaults:5 | Got the Octavo of Graupel
 52353 | Vaults:5 | Identified the +1 ring mail of Hangman {+Inv}
 52578 | Vaults:5 | Got a silver rune of Zot
 52593 | Vaults:5 | Reached skill level 18 in Shields
 52950 | Vaults:5 | Acquired 757 gold pieces
 53128 | Vaults:5 | Found Qadghum's Magic Scroll Shoppe.
 53135 | Vaults:5 | Bought a scroll of blinking for 127 gold pieces
 53135 | Vaults:5 | Bought a scroll of enchant weapon for 127 gold pieces
 53743 | Tomb:3   | Noticed a royal mummy
 53747 | Tomb:3   | Killed a royal mummy
 53748 | Tomb:3   | Noticed a royal mummy
 53751 | Tomb:3   | Killed a royal mummy
 53914 | Tomb:3   | Identified the +3 halberd of Melee {venom, Dex+3}
 53961 | Tomb:3   | Noticed a royal mummy
 53966 | Tomb:3   | Killed a royal mummy
 54070 | Tomb:3   | Found the +3 giant club "Skullcrusher" {speed, Str+7}
 54081 | Tomb:3   | Identified the ring "Cixus" {rPois rN+}
 54087 | Tomb:3   | Identified the +0 plate armour of the Maze {Will+ Regen+
                  | rCorr}
 54096 | Tomb:3   | Got Cuadghil's Incunabulum of Evil and the Zephyr
 54097 | Tomb:3   | Identified the +1 pair of gloves of Perpetual Drought
                  | {Int+3}
 54100 | Tomb:3   | Identified the +3 dagger of Qoroa {drain, rPois}
 54104 | Tomb:3   | Noticed a royal mummy
 54105 | Tomb:3   | Identified the ring "Agry" {rElec rN++ Dex+6}
 54107 | Tomb:3   | Killed a royal mummy
 54131 | Tomb:3   | Identified the +3 scale mail of Taenk {Rampage Int-3 Dex+3}
 54189 | Tomb:3   | Identified the +4 scale mail of the Noxious God {Rampage
                  | Will+}
 54205 | Tomb:3   | Got a golden rune of Zot
 54318 | Tomb:3   | Learned a level 9 spell: Chain Lightning
 54773 | Lair:4   | Killed Hirot Xets's ghost
 54819 | Slime:1  | Entered Level 1 of the Pits of Slime
 55128 | Slime:5  | Entered Level 5 of the Pits of Slime
 55222 | Slime:5  | Noticed the Royal Jelly
 55226 | Slime:5  | Killed the Royal Jelly
 55285 | Slime:5  | Identified the amulet of Etureg {Spirit Harm}
 55302 | Slime:5  | Got a slimy rune of Zot
 55304 | Slime:5  | Identified the ring "Itzaggir" {Ice *Corrode rN++ Str+6}
 55718 | Slime:5  | Identified the ring of Generosity {rC+ rN+ Will- Str+3}
 55761 | Slime:5  | Identified the staff "Suthog" {rF+ rN+ Necro Fire}
 55770 | Slime:5  | Identified the +3 war axe of Embarrassment {drain, rElec
                  | Int+4 Stlth+}
 55982 | Slime:5  | Found the +5 scythe "Finisher" {speed, execute}
 55997 | Slime:5  | Identified the +2 robe "Ecrecu Kyhe" {Slay+3}
 56770 | Depths:3 | Noticed a dread lich
 56771 | Depths:3 | Found a one-way gateway to a ziggurat.
 56771 | Depths:3 | Noticed a dread lich
 56850 | Depths:3 | Found a one-way gate to the infinite horrors of the Abyss.
 56943 | Depths:3 | Reached skill level 19 in Shields
 57182 | Depths:3 | Identified the +8 spear "Leviticus" {flame, SInv Stlth+}
 57184 | Depths:3 | Got Dybb's Encyclopedia of the Tundra and Ensorcelling
 57600 | Depths:3 | Killed a dread lich
 57602 | Depths:3 | Killed a dread lich
 57736 | Depths:4 | Entered Level 4 of the Depths
 57757 | Depths:4 | Found Tithrotir's Weapon Shoppe.
 57760 | Depths:4 | Noticed Grunn
 57767 | Depths:4 | Reached skill level 20 in Shields
 57774 | Depths:4 | Killed Grunn
 58367 | Depths:4 | Found a large runed translucent door.
 58367 | Depths:4 | Found a large runed translucent door.
 58367 | Depths:4 | Noticed Amikeex's ghost (adept TrMo)
 58387 | Depths:4 | Killed Amikeex's ghost
 58389 | Depths:4 | Identified the +0 robe of Magic {^Contam Will++ rCorr}
 58391 | Depths:4 | Identified the +4 great sword of Gozag's Condemnation
                  | {antimagic, Str+3}
 58574 | Depths:4 | Found a gate to the Realm of Zot.
 58924 | Hell     | Entered the Vestibule of Hell
 58928 | Hell     | Noticed Geryon
 58932 | Hell     | Reached skill level 21 in Shields
 58937 | Depths:4 | Gained mutation: Your flesh is heat resistant. (rF+)
                  | [mutagenic glow]
 58988 | Depths:3 | Voluntarily entered the Abyss.
 58997 | Abyss:1  | Found a corrupted altar of Lugonu.
 59008 | Abyss:2  | Found a hazy altar of Hepliaklqana.
 59016 | Abyss:2  | Found a corrupted altar of Lugonu.
 59018 | Abyss:2  | Found a corrupted altar of Lugonu.
 59036 | Abyss:3  | Found a corrupted altar of Lugonu.
 59071 | Abyss:3  | Found a corrupted altar of Lugonu.
 59305 | Abyss:3  | Found a corrupted altar of Lugonu.
 59562 | Abyss:3  | Reached skill level 22 in Shields
 59601 | Abyss:3  | Found a corrupted altar of Lugonu.
 59605 | Abyss:3  | Got an abyssal rune of Zot
 59625 | Depths:3 | Escaped the Abyss
 59683 | Zot:1    | Entered Level 1 of the Realm of Zot
 59917 | Zot:1    | Reached skill level 15 in Air Magic
 60934 | Zot:2    | Reached skill level 23 in Shields
 61768 | Zot:3    | Found a large runed translucent door.
 61768 | Zot:3    | Found a large runed translucent door.
 61770 | Zot:3    | Noticed Cogeat's ghost (adept MiMo)
 61782 | Zot:3    | Killed Cogeat's ghost
 61979 | Zot:3    | Noticed an ancient lich
 62217 | Hell     | Killed Geryon
 62218 | Hell     | Reached skill level 10 in Invocations
 62224 | Abyss:3  | Cast into level 3 of the Abyss (hell knight)
 62260 | Abyss:3  | Noticed a dread lich
 62264 | Abyss:3  | Killed a dread lich
 62268 | Abyss:3  | Found a corrupted altar of Lugonu.
 62394 | Abyss:4  | Found a corrupted altar of Lugonu.
 62403 | Abyss:5  | Found an iron altar of Okawaru.
 62436 | Hell     | Escaped the Abyss
 62514 | Hell     | Found a gateway to the ashen valley of Gehenna.
 62658 | Hell     | Found a gateway to the decaying netherworld of Tartarus.
 62813 | Hell     | Found a gateway to the freezing wastes of Cocytus.
 62923 | Hell     | Found a gateway to the Iron City of Dis.
 63124 | Zot:3    | Killed an ancient lich
 63504 | Zot:3    | Identified the staff "Uhallor" {rC+ Str+5 Conj}
 64884 | Zot:4    | Reached skill level 10 in Polearms
 65515 | Coc:1    | Entered Level 1 of Cocytus
 65611 | Coc:2    | Paralysed by a wendigo for 1 turns
 65715 | Coc:4    | Reached skill level 15 in Stealth
 66071 | Coc:6    | Paralysed by a wendigo for 1 turns
 66104 | Coc:7    | Entered Level 7 of Cocytus
 66213 | Coc:7    | Paralysed by a wendigo for 1 turns
 66377 | Coc:7    | Reached skill level 24 in Shields
 66529 | Coc:7    | Paralysed by a wendigo for 1 turns
 66684 | Coc:7    | Reached skill level 15 in Fighting
 66815 | Coc:7    | Paralysed by a wendigo for 1 turns
 67087 | Coc:7    | Identified the ring of Nearog {Str+6 Dex+2 Stlth+}
 67087 | Coc:7    | Noticed Antaeus
 67440 | Coc:7    | Killed Antaeus
 67546 | Coc:7    | Got an icy rune of Zot
 67581 | Coc:7    | Found the +1 Delatra's gloves {ID++}
 67848 | Zig:1    | Entered Level 1 of a ziggurat
 67865 | Zig:1    | Acquired the Codex of Energy and the Iceberg
 67870 | Zig:2    | Entered Level 2 of a ziggurat
 67871 | Zig:2    | Noticed an ancient lich
 67872 | Zig:2    | Noticed an ancient lich
 67879 | Zig:2    | Killed an ancient lich
 67959 | Zig:3    | Entered Level 3 of a ziggurat
 67978 | Zig:4    | Entered Level 4 of a ziggurat
 68006 | Zig:5    | Entered Level 5 of a ziggurat
 68042 | Zig:6    | Entered Level 6 of a ziggurat
 68055 | Zig:6    | Identified the +11 trident of Supply {distort, +Blink rCorr
                  | Str+3}
 68078 | Zig:6    | Identified the +0 trident of Dismemberment {elec, rC++
                  | rCorr}
 68082 | Zig:6    | Identified the +10 spear of the Telling Goat {speed, Dex+3
                  | SInv}
 68087 | Zig:7    | Entered Level 7 of a ziggurat
 68093 | Zig:7    | Reached skill level 15 in Polearms
 68164 | Zig:7    | Identified the +5 short sword of the Shore {spect, rElec
                  | rPois rCorr Str-2}
 68168 | Zig:7    | Identified the +2 ring mail of the Butterfly {Dex+3}
 68172 | Zig:7    | Identified the +1 dire flail of the Middle {drain, Str+3}
 68187 | Zig:8    | Entered Level 8 of a ziggurat
 68196 | Zig:8    | Noticed Kaajerch the pandemonium lord
 68200 | Zig:8    | Killed Kaajerch the pandemonium lord
 68245 | Zig:8    | Identified the amulet "Udisteh" {RegenMP rF+}
 68283 | Zig:9    | Entered Level 9 of a ziggurat
 68303 | Zig:9    | Found the +10 Black Knight's barding {ponderous, rPois rN+}
 68440 | Zig:9    | Learned a level 7 spell: Orb of Destruction
 68449 | Zig:9    | Learned a level 8 spell: Maxwell's Capacitive Coupling
 68454 | Zig:9    | Learned a level 4 spell: Leda's Liquefaction
 68455 | Zig:10   | Entered Level 10 of a ziggurat
 68464 | Zig:10   | Found the +8 demon trident "Rift" {distort, reach+}
 68479 | Zig:10   | Identified the +0 ring mail of Negligence {rElec rC++ MP-9
                  | SInv}
 68483 | Zig:10   | Identified the +7 whip of Patterns {freeze, Will- Str+5
                  | SInv}
 68495 | Zig:10   | Identified the +1 quarterstaff of the Warrior-Mage {heavy,
                  | MP+9 Dex+2}
 68524 | Zig:11   | Entered Level 11 of a ziggurat
 68534 | Zig:11   | Noticed a dread lich
 68543 | Zig:11   | Paralysed by a dread lich for 2 turns
 68547 | Zig:11   | Killed a dread lich
 68627 | Zig:12   | Entered Level 12 of a ziggurat
 68645 | Zig:12   | Found the +6 lightning scales {swift, rElec}
 68674 | Zig:12   | Got the Notes on Flashy Oxidation
 68699 | Zig:13   | Entered Level 13 of a ziggurat
 68756 | Zig:13   | Reached skill level 25 in Shields
 68871 | Zig:1    | Entered Level 1 of a ziggurat
 68874 | Zig:1    | Paralysed by a wendigo for 1 turns
 68890 | Zig:2    | Entered Level 2 of a ziggurat
 68915 | Zig:3    | Entered Level 3 of a ziggurat
 68950 | Zig:3    | Identified the +9 whip "Otsiamipn" {heavy, rPois Int+3
                  | Stlth+}
 69049 | Zig:4    | Entered Level 4 of a ziggurat
 69063 | Zig:4    | Identified the staff of Keticej {+Blink rElec Int+3 Dex-3
                  | Earth}
 69064 | Zig:4    | Identified the +10 flail of Giuxkuof {freeze, Int+3}
 69070 | Zig:5    | Entered Level 5 of a ziggurat
 69098 | Zig:5    | Identified the staff of Norhepu {*Slow rF+ rC+ Hexes Fire}
 69103 | Zig:5    | Identified the +4 spear "Pise" {flame, Int+3 Dex+3}
 69143 | Zig:6    | Entered Level 6 of a ziggurat
 69202 | Zig:6    | Identified the +10 arbalest of Diff {flame, Int+4}
 69210 | Zig:7    | Entered Level 7 of a ziggurat
 69242 | Zig:8    | Entered Level 8 of a ziggurat
 69246 | Zig:8    | Noticed a royal mummy
 69251 | Zig:8    | Killed a royal mummy
 69389 | Zig:9    | Entered Level 9 of a ziggurat
 69409 | Zig:9    | Identified the amulet of the Mantidfly {Spirit rPois
                  | Regen+}
 69455 | Zig:10   | Entered Level 10 of a ziggurat
 69503 | Zig:10   | Identified the +0 cloak of Heluip {Stlth+}
 69512 | Zig:10   | Identified the +1 scimitar "Riquuj" {heavy, rF+}
 69530 | Zig:11   | Entered Level 11 of a ziggurat
 69558 | Zig:11   | Identified the +1 morningstar of Pyosor {spect, Will+ Dex+3
                  | SInv Stlth+}
 69566 | Zig:11   | Identified the amulet "Joanoi" {Faith rF+ Str+3}
 69577 | Zig:12   | Entered Level 12 of a ziggurat
 69590 | Zig:12   | Noticed an ancient lich
 69596 | Zig:12   | Killed an ancient lich
 69597 | Zig:12   | Reached skill level 26 in Shields
 69614 | Zig:12   | Identified the +6 scale mail "Eskeumuu" {rPois}
 69619 | Zig:12   | Identified the staff "Hulefic" {Fly Int+3 Conj}
 69629 | Zig:12   | Identified the +0 chain mail "Dauprisk" {+Blink Will- Int-3
                  | Dex+8}
 69669 | Zig:13   | Entered Level 13 of a ziggurat
 69715 | Zig:13   | Identified the +3 battleaxe "Lyala" {freeze, +Blink rPois
                  | Str-2 Stlth+}
 69724 | Zig:13   | Identified the staff "Qitutid" {rF++ Will+ Earth}
 69804 | Hell     | Learned a level 7 spell: Ozocubu's Refrigeration
 69827 | Geh:1    | Entered Level 1 of Gehenna
 69840 | Geh:1    | Reached skill level 5 in Ice Magic
 70415 | Geh:4    | Noticed a dread lich
 70420 | Geh:4    | Reached skill level 10 in Ice Magic
 70420 | Geh:4    | Killed a dread lich
 70872 | Geh:7    | Entered Level 7 of Gehenna
 71296 | Geh:7    | Found the +13 sceptre of Asmodeus
 71296 | Geh:7    | Noticed Asmodeus
 71311 | Geh:7    | Killed Asmodeus
 71342 | Geh:7    | Got an obsidian rune of Zot
 71930 | Tar:1    | Entered Level 1 of Tartarus
 72282 | Tar:2    | Noticed an ancient lich
 72290 | Tar:2    | Killed an ancient lich
 72433 | Tar:4    | Reached skill level 10 in Dodging
 72547 | Tar:5    | Reached skill level 27 in Shields
 72653 | Tar:6    | Found a huge runed translucent gate.
 72653 | Tar:6    | Found a huge runed translucent gate.
 72653 | Tar:6    | Found a huge runed translucent gate.
 72653 | Tar:6    | Found a huge runed translucent gate.
 72653 | Tar:6    | Found a huge runed translucent gate.
 72653 | Tar:6    | Found a huge runed translucent gate.
 72654 | Tar:6    | Found a huge runed translucent gate.
 72655 | Tar:6    | Found a huge runed translucent gate.
 72701 | Tar:6    | Found a huge runed translucent gate.
 72701 | Tar:6    | Found a huge runed translucent gate.
 72702 | Tar:6    | Found a huge runed translucent gate.
 72703 | Tar:6    | Found a huge runed translucent gate.
 72704 | Tar:6    | Found a huge runed translucent gate.
 72705 | Tar:6    | Found a huge runed translucent gate.
 72712 | Tar:6    | Found a huge runed translucent gate.
 72712 | Tar:6    | Found a huge runed translucent gate.
 72712 | Tar:6    | Found a huge runed translucent gate.
 72713 | Tar:6    | Found a huge runed translucent gate.
 72714 | Tar:6    | Found a huge runed translucent gate.
 72716 | Tar:6    | Found a huge runed translucent gate.
 72724 | Tar:6    | Found a huge runed translucent gate.
 72725 | Tar:6    | Found a huge runed translucent gate.
 72726 | Tar:6    | Found a huge runed translucent gate.
 72727 | Tar:6    | Found a huge runed translucent gate.
 72728 | Tar:6    | Found a huge runed translucent gate.
 72729 | Tar:6    | Found a huge runed translucent gate.
 72729 | Tar:6    | Found a huge runed translucent gate.
 72733 | Tar:6    | Found a huge runed translucent gate.
 72735 | Tar:6    | Found a huge runed translucent gate.
 72736 | Tar:6    | Found a huge runed translucent gate.
 72736 | Tar:6    | Found a huge runed translucent gate.
 72736 | Tar:6    | Found a huge runed translucent gate.
 72738 | Tar:6    | Found a huge runed translucent gate.
 72739 | Tar:6    | Found a huge runed translucent gate.
 72740 | Tar:6    | Found a huge runed translucent gate.
 72740 | Tar:6    | Found a huge runed translucent gate.
 72747 | Tar:6    | Noticed an ancient lich
 72866 | Tar:6    | Killed an ancient lich
 73069 | Tar:7    | Entered Level 7 of Tartarus
 73306 | Tar:7    | Identified the ring "Wary" {Fly Slay+3}
 73328 | Tar:7    | Noticed a dread lich
 73330 | Tar:7    | Noticed an ancient lich
 73332 | Tar:7    | Found the +5 Lochaber axe {reach-cleave, Poleaxe ^Drain}
 73342 | Tar:7    | Killed an ancient lich
 73349 | Tar:7    | Killed a dread lich
 73436 | Tar:7    | Noticed Ereshkigal
 73536 | Tar:7    | Noticed the Serpent of Hell
 73816 | Tar:7    | Found the amulet of the Air {Inacc Air Fly rElec RMsl}
 73849 | Tar:7    | Noticed a dread lich
 73851 | Tar:7    | Paralysed by a dread lich for 4 turns
 73856 | Tar:7    | Killed a dread lich
 73886 | Tar:7    | Noticed an ancient lich
 73901 | Tar:7    | Killed an ancient lich
 73920 | Tar:7    | Killed the Serpent of Hell
 74282 | Tar:7    | Identified the staff of Daofawn {Str+2 Conj Fire}
 74289 | Tar:7    | Got the Atlas of Vapour and Degeneration
 74292 | Tar:7    | Identified the +7 scimitar "Waor Nyr" {drain, *Noise Int+3
                  | Dex+3}
 74408 | Tar:7    | Killed Ereshkigal
 74479 | Tar:7    | Identified the ring of the Madman {Fly rCorr}
 74540 | Tar:7    | Got a bone rune of Zot
 74741 | Dis:1    | Entered Level 1 of the Iron City of Dis
 74948 | Dis:3    | Noticed a dread lich
 74953 | Dis:3    | Killed a dread lich
 75137 | Dis:4    | Noticed a dread lich
 75137 | Dis:4    | Noticed an ancient lich
 75139 | Dis:4    | Noticed a dread lich
 75139 | Dis:4    | Killed a dread lich
 75139 | Dis:4    | Noticed a dread lich
 75140 | Dis:4    | Killed an ancient lich
 75140 | Dis:4    | Noticed a dread lich
 75142 | Dis:4    | Killed a dread lich
 75142 | Dis:4    | Killed a dread lich
 75152 | Dis:4    | Killed a dread lich
 75197 | Dis:4    | Killed from afar by a Hell Sentinel

Illustrated notes

Levels and vault maps discovered:
D:1:      ncdulo_smallfort, layout_basic, serial_bayou_pond_b,
          minmay_crystal_water, minmay_misc_feat_plants, minmay_cupped
D:2:      minmay_angry_zag, layout_basic, chequers_serial_rivers_micro_c,
          supply_closet_lemuel
D:3:      layout_rooms, marbit_many_paths, nicolae_hepliaklqana_hazy_memory,
          nzn_wu_jian_contemplation, uniq_ijyb
D:4:      wad_lake_hut, layout_loops_ring, kennysheep_mini_moat,
          grunt_gozag_breadcrumbs, minmay_misc_feat_rows, minivault_5,
          kennysheep_generic_room_8, uniq_blork_the_orc
D:5:      wad_woods_settlement, layout_gridville, makhleb_blood_cavern_becter
D:6:      layout_rooms, old_standard_altar
D:7:      layout_basic, minmay_temple_entry_tees, uniq_duvessa, uniq_jeremiah
D:8:      layout_cave_pools, mainiacjoe_overflow_concentric_impassable,
          lemuel_tele_altar, serial_shops, shop,
          minmay_fractal_squares_diagonal_5
D:9:      layout_roguey, serial_shops, nicolae_shop_stone,
          kennysheep_small_square, uniq_gastronok
D:10:     layout_basic
D:11:     layout_big_octagon, erik_lair_orcish_takeover, orc_0_dummy,
          nicolae_ru_path_of_blood
D:12:     layout_layer_cave, grunt_ministairs_6, lightli_fourway_metalbox
D:13:     minmay_distorted_concentric_squares, layout_cave_pods,
          nicolae_elevator_lobby_asterisk, uniq_rupert
D:14:     layout_cave_pools, erik_vaults_2
D:15:     hangedman_depths_entry_civil_slaughter, layout_basic, enter_trove_1,
          hangedman_decor_riveting, minmay_misc_feat_ornament,
          serial_library_regret_index_split_case, uniq_roxanne
Temple:   nicolae_temple_bog_church
Lair:1:   beast_lair_carwin_large_3, layout_small_grid, basic_altar,
          fungi_pond_lemuel, uniq_urug
Lair:2:   layout_hall_layers, nicolae_spider_entry_non_spiders,
          gauntlet_entry_generic, worms_lemuel, lemuel_fruit_fields
Lair:3:   pond_and_an_island_with_a_cottage, layout_cave_shapes,
          nicolae_swamp_entry_spooky
Lair:4:   layout_regular_city, serial_forest, infiniplex_forest_straight_4,
          infiniplex_forest_diagonal, infiniplex_forest_zigzag_1,
          infiniplex_forest_lined_room_, infiniplex_forest_lined_room_3,
          infiniplex_forest_end_1, infiniplex_forest_lined_ring,
          gammafunk_ghost_necromancy, beast_lair_carwin_2, lemuel_fruit_tree
Lair:5:   evilmike_catoblepas_cave, layout_loops_ring,
          nicolae_slime_entry_field_trip
Swamp:1:  layout_basic_swamp, nicolae_swamp_dense_foliage, swamp_pool_1_2
Swamp:2:  layout_basic_swamp, serial_swamp_ruin, hangedman_swamp_ruin_wall,
          evilmike_swamp_ruin_house_3, evilmike_swamp_ruin_rubble_1
Swamp:3:  layout_basic_swamp, portal_ice_cave_entry_ice_statue_two,
          evilmike_swamp_ruin_house_6, infiniplex_staircase_pool,
          nicolae_swamp_tree_isthmus
Swamp:4:  swamp_fiery, layout_basic_swamp, swamp_pool_5,
          nicolae_swamp_no_escape, uniq_mlioglotl, uniq_nikola
Spider:1: layout_spider_delve, hangedman_spider_tarantella_strand
Spider:2: spider_temple_joshua
Spider:3: layout_spider_delve
Spider:4: grunt_spider_rune_parallel, uniq_aizul
Slime:1:  layout_caves
Slime:2:  layout_caves
Slime:3:  layout_caves, cheibrodos_slime_lost_civilization_4
Slime:4:  layout_caves
Slime:5:  slime_pit_nicolae_inversion
Orc:1:    layout_caves, basic_altar, mines1_david
Orc:2:    st_orc_pillars, layout_caves, special_room, basic_altar,
          einodemon_armed_red_devil_minivault
Elf:1:    nicolae_elf_arrival_fired_up, layout_loops_cross, serial_shops,
          nicolae_shop_tiny_waterfront, portal_desolation_entry_twin_temple,
          nicolae_elf_crossing_hall, uniq_azrael
Elf:2:    elven_hall_of_blades_hangedman_original
          [nicolae_blade_entry_crossed_weapons], layout_gridlike, serial_shops,
          nicolae_shop_industrial_runoff, grunt_ministairs_10
Elf:3:    grunt_elf_hall_branching, layout_loops_corners, guppyfry_elf_castle,
          minmay_shoptagon
Vaults:1: nicolae_vaults_trapezoid_1, nicolae_vaults_storage_closets_1,
          nicolae_vaults_meiosis, nicolae_vaults_weapon_check,
          vaults_room_door_hall, ontoclasm_vaults_bender, v_alt_pattern_5,
          nicolae_vaults_house_2, nicolae_vaults_diagonal_hallway_8,
          nicolae_vaults_closet_pinwheel_5, nicolae_vaults_house_3, v_misc_17,
          v_alt_pattern_3, layout_vaults_omnicross, serial_shops,
          nicolae_shop_trees
Vaults:2: nicolae_vaults_trapezoid_layered, ontoclasm_vaults_ring_small,
          vaults_mumra_minichess_inversion, vaults_dpeg_cross,
          nicolae_vaults_theta, nicolae_vaults_closet_pinwheel_3,
          vaults_dpeg_ring, minmay_crypt_entry_skeletal_spiral,
          vaults_dpeg_emergency_exit, nicolae_vaults_house_2,
          layout_vaults_quadrants, uniq_asterion, uniq_jory
Vaults:3: gammafunk_ghost_grave, hangedman_vaults_nails,
          nicolae_vaults_network_quincunx
          [nicolae_vaults_network_quincunx_subvault,
          nicolae_vaults_network_quincunx_subvault,
          nicolae_vaults_network_quincunx_subvault,
          nicolae_vaults_network_quincunx_subvault,
          nicolae_vaults_network_quincunx_subvault], dpeg_vaults_monster_box,
          nicolae_vaults_corridor_and_loot_room, hangedman_vaults_trim,
          nicolae_vaults_more_shelving_2, vaults_room_grunt_arrival_checkpoint,
          nicolae_vaults_trapezoid_1, serial_library_regret_index_small_wings,
          nicolae_vaults_tetromino_L_1, v_misc_14, layout_vaults_omnibox
Vaults:4: nicolae_vaults_surprise_closet, nicolae_vaults_twisting_passages,
          nicolae_vaults_heart-shaped_vault, ontoclasm_vaults_shuriken,
          v_misc_24, ontoclasm_vaults_fault, hangedman_vaults_nails,
          vaults_mumra_hexcomb, serial_library_hellmonk_open_square,
          nicolae_vaults_asterisk, nicolae_vaults_border_crossing,
          nicolae_vaults_trapezoid_lopsided_1, layout_vaults_chaotic_city,
          serial_shops, nicolae_shop_hallway_stairs, serial_magic_research,
          hangedman_research_thanatology, hangedman_research_quantum,
          hangedman_research_probablistics
Vaults:5
Crypt:1:  layout_gridlike
Crypt:2:  layout_chaotic_city, uniq_donald, uniq_josephina, uniq_margery
Crypt:3:  church_of_pain_bobbens, layout_chaotic_city
Tomb:1
Tomb:2
Tomb:3
Depths:1: hangedman_box_tower, layout_twisted_cross, rand_demon_pan_entry_4,
          hell_entry, lightli_enter_wizlab_magi_temple, fedhas_altar_1,
          kennysheep_inner_square
Depths:2: minmay_swirls_squares, layout_cave_shapes, rand_demon_pan_entry_1,
          corexii_corridor_pit, hell_entry, minmay_shop_grove
Depths:3: minmay_concentric_multi, layout_gridlike, enter_ziggurat_c,
          abyss_entry_crystal, serial_bayou_pond_c, hangedman_tar_grid_catacomb
Depths:4: evilmike_zot_entry_diamond, layout_basic, grunt_mini_vestibule,
          serial_shops, shop, ebering_ghost_disaster_area,
          nicolae_concentric_dashed_squares_mild, pan_entry,
          infiniplex_staircase_pool_lava, serial_bayou_shore_b, uniq_grunn
Hell
Dis:1:    layout_gridville, nicolae_dis_grated_feature
Dis:2:    layout_subdivisions
Dis:3:    nicolae_dis_metal_hellway, layout_gridville
Dis:4:    layout_regular_city, nicolae_dis_liches_on_tour
Geh:1:    layout_gehenna_pools_box
Geh:2:    layout_gehenna_lava_caves
Geh:3:    layout_gehenna_pools_triple
Geh:4:    layout_gehenna_pools_basic, special_room [special_room_morgue]
Geh:5:    layout_gehenna_pools_basic
Geh:6:    layout_gehenna_lava_caves
Geh:7:    geh_hangedman
Coc:1:    layout_cocytus_water_paths
Coc:2:    layout_ice_bergs
Coc:3:    layout_cocytus_delve
Coc:4:    layout_ice_bergs
Coc:5:    layout_cocytus_delve
Coc:6:    layout_cocytus_delve
Coc:7:    coc_grunt_cove [coc_grunt_cove_antaeus, coc_grunt_cove_fiend,
          coc_grunt_cove_fiend, coc_grunt_cove_fiend, coc_grunt_cove_fiend]
Tar:1:    nicolae_tar_fifth_circle, layout_cathedral_of_symmetry,
          nicolae_tar_cuneiform_heaven
Tar:2:    layout_grid_maze, nicolae_tar_cuneiform_city,
          nicolae_tar_cuneiform_two, nicolae_tar_cuneiform_sun
Tar:3:    layout_honeycomb
Tar:4:    layout_catacombs
Tar:5:    layout_grid_maze
Tar:6:    layout_cathedral_of_symmetry, nicolae_tar_cuneiform_to_be, door_vault
Tar:7:    tar_grunt_cathedral
Zot:1:    layout_gridlike, regret_index_zotdec_iron_s, st_stairs_7,
          skrybe_zot_glass_2
Zot:2:    layout_cathedral_of_symmetry
Zot:3:    infiniplex_zot_generator, layout_basic, ebering_ghost_disaster_area,
          hangedman_player_shredder
Zot:4:    hellmonk_crystal_mountain, layout_gridlike,
          regret_index_zotdec_abyssal_contain_seething_sorcery

Skill      XL: |  1  2  3  4  5  6  7  8  9 10 11 12 13 14 15 16 17 18 19 20 21 22 23 24 25 26 27 |
---------------+----------------------------------------------------------------------------------+-----
Conjurations   | 2 3 5 6 8 10 11 13 14 15 16 17 21 22 | 22.3
Alchemy        | 1 2 3 4 7 |  7.0
Air Magic      | 1 2 3 4 6 10 11 12 23 | 23.0
Spellcasting   | 4 5 6 8 10 12 13 14 15 16 21 | 21.5
Fire Magic     | 2 3 9 10 11 15 16 18 20 21 25 | 25.3
Translocations | 2 |  2.0
Stealth        | 5 6 7 8 10 11 12 22 | 22.0
Long Blades    | 2 3 |  3.0
Fighting       | 1 4 6 8 9 11 12 13 20 | 20.5
Dodging        | 2 3 5 10 | 10.0
Invocations    | 4 7 8 14 | 14.6
Ice Magic      | 3 4 11 | 11.6
Polearms       | 4 6 8 17 | 17.1
Armour         | 2 4 |  4.2
Shapeshifting  | 4 5 8 15 16 20 | 20.7
Shields        | 5 8 10 11 12 14 16 27 | 27.0
Earth Magic    | 3 4 |  4.0
Throwing       | 2 |  2.0
Maces & Flails | 1 2 |  2.0
Summonings     | |  1.0

Action                     |  1- 3 |  4- 6 |  7- 9 | 10-12 | 13-15 | 16-18 | 19-21 | 22-24 | 25-27 || total
---------------------------+-------+-------+-------+-------+-------+-------+-------+-------+-------++-------
  Melee: Dagger            |     4 |       |       |       |       |       |       |       |       ||     4
         Long sword        |    10 |     5 |       |       |       |       |       |       |       ||    15
         Spear             |       |    20 |       |       |       |       |       |       |       ||    20
         Punch             |       |     1 |       |     2 |    12 |       |       |       |       ||    15
         Great sword       |       |    32 |   160 |   201 |       |       |       |       |       ||   393
         Demon trident     |       |       |       |   178 |   826 |   973 |   401 |    79 |  2787 ||  5244
         Constrict         |       |       |       |       |   170 |   191 |   234 |   182 |   477 ||  1254
         Staff             |       |       |       |       |       |    23 |  1010 |   854 |   395 ||  2282
         Broad axe         |       |       |       |       |       |       |     2 |       |       ||     2
         Demon whip        |       |       |       |       |       |       |       |   486 |   477 ||   963
  Throw: Boomerang         |       |    11 |    34 |    83 |    56 |    28 |    69 |    25 |       ||   306
         Throwing net      |       |       |     2 |       |       |       |       |       |       ||     2
         Javelin           |       |       |       |     1 |     4 |     4 |    15 |     2 |    67 ||    93
         Dart              |       |       |       |     1 |       |       |     1 |       |       ||     2
   Cast: Magic Dart        |    41 |    79 |    16 |    11 |    33 |       |       |       |       ||   180
         Call Imp          |     3 |     1 |     1 |       |       |     1 |       |       |       ||     6
         Mephitic Cloud    |       |     6 |    27 |    81 |    63 |    37 |    20 |     2 |     4 ||   240
         Blink             |       |       |     5 |    14 |     5 |     7 |     4 |     4 |    24 ||    63
         Volatile Blastmot |       |       |     3 |     1 |       |       |       |       |       ||     4
         Iskenderun's Myst |       |       |     6 |     1 |       |       |       |       |       ||     7
         Ozocubu's Armour  |       |       |       |    20 |    38 |    27 |    11 |     3 |    12 ||   111
         Irradiate         |       |       |       |       |     6 |       |     1 |     1 |       ||     8
         Starburst         |       |       |       |       |    22 |    70 |    23 |    38 |    28 ||   181
         Airstrike         |       |       |       |       |    10 |    22 |     7 |    17 |     7 ||    63
         Freezing Cloud    |       |       |       |       |       |    52 |    82 |    40 |    37 ||   211
         Summon Lightning  |       |       |       |       |       |    11 |       |       |       ||    11
         Manifold Assault  |       |       |       |       |       |     3 |     1 |     1 |       ||     5
         Bombard           |       |       |       |       |       |       |    33 |    32 |    39 ||   104
         Ignition          |       |       |       |       |       |       |    10 |   113 |   380 ||   503
         Fire Storm        |       |       |       |       |       |       |       |       |   174 ||   174
         Chain Lightning   |       |       |       |       |       |       |       |       |    86 ||    86
         Maxwell's Capacit |       |       |       |       |       |       |       |       |    22 ||    22
         Ozocubu's Refrige |       |       |       |       |       |       |       |       |    15 ||    15
         Orb of Destructio |       |       |       |       |       |       |       |       |     8 ||     8
 Invoke: Step From Time    |       |       |       |     1 |     1 |     3 |       |     1 |    10 ||    16
         Slouch            |       |       |       |     7 |    11 |    18 |    26 |     5 |    21 ||    88
         Bend Time         |       |       |       |       |       |     1 |       |       |       ||     1
         Temporal Distorti |       |       |       |       |       |       |       |       |     1 ||     1
Ability: Spit Poison       |    22 |    39 |    27 |    47 |    18 |     3 |    30 |     5 |       ||   191
         Begin Untransform |       |       |       |       |       |       |       |       |    10 ||    10
  Evoke: Wand              |       |       |    24 |    19 |       |    19 |     8 |       |     3 ||    73
         Lightning rod     |       |       |       |       |    14 |     4 |       |       |       ||    18
         Phantom mirror    |       |       |       |       |     1 |     1 |       |       |       ||     2
         Condenser vane    |       |       |       |       |       |       |     1 |       |       ||     1
         Figurine of a zig |       |       |       |       |       |       |       |       |     1 ||     1
    Use: Scroll            |       |     8 |     7 |    12 |     7 |    23 |    25 |    11 |    30 ||   123
         Potion            |       |       |     1 |     2 |     2 |     8 |     4 |     1 |    71 ||    89
   Stab: Confused          |       |     3 |    11 |    56 |    84 |    33 |    22 |       |       ||   209
         Sleeping          |       |     3 |     3 |     6 |    13 |    17 |    13 |    21 |    23 ||    99
         Paralysed         |       |       |     8 |       |       |       |       |       |       ||     8
         Distracted        |       |       |       |       |     4 |     6 |     6 |     2 |     8 ||    26
         Invisible         |       |       |       |       |       |     1 |       |       |       ||     1
 Armour: Robe              |    27 |    54 |   133 |   319 |       |       |  1149 |  1093 |   251 ||  3026
         Quicksilver drago |       |       |       |    73 |   608 |     5 |       |       |       ||   686
         Troll leather arm |       |       |       |       |       |   942 |   365 |       |       ||  1307
         Skin              |       |       |       |       |       |       |       |       |  3379 ||  3379
  Dodge: Dodged            |     6 |    40 |   106 |   239 |   287 |   392 |   520 |   714 |  2536 ||  4840
  Block: Buckler           |       |       |       |       |    41 |    11 |       |       |       ||    52
         Kite shield       |       |       |       |       |       |   667 |   826 |   774 |  2535 ||  4802
         Tower shield      |       |       |       |       |       |       |       |   727 |  2701 ||  3428
   Form: Statue            |       |       |       |       |       |       |       |       |    10 ||    10
